 Dungeon Crawl Stone Soup version 0.30-a0-365-ge7f957f1db (webtiles) character file.

Game seed: 10027557951387190932

12192213 sleeves the Ruinous (level 27, 183/210 HPs)
             Began as a Demonspawn Earth Elementalist on Nov 16, 2022.
             Was the Champion of Sif Muna.
             Escaped with the Orb
             ... and 15 runes on Nov 18, 2022!
             The game lasted 05:39:26 (132290 turns).

sleeves the Ruinous (DsEE)                        Turns: 132290, Time: 05:39:27

Health: 183/210    AC: 38    Str: 13    XL:     27
Magic:  58/69      EV: 10    Int: 53    God:    Sif Muna [******]
Gold:   9750       SH: 20    Dex: 18    Spells: 4/72 levels left

rFire   + + +      SeeInvis +    M - +7 scimitar of Paenuarch {vorpal, rF+ Int+2 SInv}
rCold   + + +      Faith    .    Q - +2 shield of Resistance {rF++ rC++ Will++}
rNeg    + . .      Spirit   .    h - +9 ring mail of Valour {rPois Dex+4}
rPois   +          Reflect  .    w - +3 hat of Pondering {ponderous, Will+ MP+10 Int+5}
rElec   +          Harm     .    (cloak unavailable)
rCorr   +          Rampage  .    R - +1 pair of gloves of Efurax {MP+9 Str+4 Stlth+}
Will    +++++                    i - +2 pair of boots "Gyryidap" {rCorr}
Stlth   +.........               G - amulet "Narchunirr" {RegenMP Int+2}
HPRegen 0.55/turn                D - ring "Hegryimp" {*Corrode Fly rElec rPois rN+}
MPRegen 0.81/turn                Y - ring "Diol" {Drain rC+ Will+++ AC+4 Int+8}

@: flying, studying 2 skills, slow
A: hurl damnation, icemail 2, torment resistance 1, big brain 3, condensation
shield, demonic magic 3, demonic willpower, weakness stinger 3, claws 1,
deterioration 1, wild magic 1
0: Orb of Zot
}: 15/15 runes: decaying, slimy, silver, golden, iron, obsidian, icy, bone,
abyssal, demonic, glowing, magical, fiery, dark, gossamer
a: Hurl Damnation, Renounce Religion, Channel Magic, Forget Spell, Divine
Exegesis


You escaped.
You worshipped Sif Muna.
Sif Muna was exalted by your worship.
You visited 18 branches of the dungeon, and saw 88 of its levels.
You visited Pandemonium 1 time, and saw 17 of its levels.
You visited the Abyss 3 times.
You visited 1 bazaar.
You also visited: Trove, Bailey and Wizlab.

You collected 11546 gold pieces.
You spent 1796 gold pieces at shops.

Inventory:

Hand Weapons
 M - the +7 scimitar of Paenuarch (weapon) {vorpal, rF+ Int+2 SInv}
   (You found it in a wizard's laboratory)

   It inflicts extra damage upon your enemies.
   Int:       It affects your intelligence (+2).
   rF:        It protects you from fire.
   SInv:      It lets you see invisible.
Armour
 h - the +9 ring mail of Valour (worn) {rPois Dex+4}
   (You bought it in a shop on level 4 of the Vaults)

   Dex:       It affects your dexterity (+4).
   rPois:     It protects you from poison.
 i - the +2 pair of boots "Gyryidap" (worn) {rCorr}
   (You bought it in a shop in a bazaar)

   rCorr:     It protects you from acid and corrosion.
 w - the +3 hat of Pondering (worn) {ponderous, Will+ MP+10 Int+5}
   (You found it on level 5 of the Vaults)

   Int:       It affects your intelligence (+5).
   MP:        It affects your magic capacity (+10).
   Will:      It increases your willpower.
 Q - the +2 shield of Resistance (worn) {rF++ rC++ Will++}
   (You found it on level 5 of the Vaults)

   rF:        It greatly protects you from fire.
   rC:        It greatly protects you from cold.
   Will:      It greatly increases your willpower.
 R - the +1 pair of gloves of Efurax (worn) {MP+9 Str+4 Stlth+}
   (You bought it in a shop on level 2 of the Elven Halls)

   Str:       It affects your strength (+4).
   MP:        It affects your magic capacity (+9).
   Stlth:     It makes you more stealthy.
Jewellery
 o - a ring of protection from cold
   (You took it off a green draconian on level 4 of the Realm of Zot)
 t - the ring "Kaacev Xofa" {rPois rC++ rCorr Str+3}
   (You found it in Pandemonium)

   [ring of resist corrosion]

   Str:       It affects your strength (+3).
   rC:        It greatly protects you from cold.
   rPois:     It protects you from poison.
   rCorr:     It protects you from acid and corrosion.
 D - the ring "Hegryimp" (left hand) {*Corrode Fly rElec rPois rN+}
   (You bought it in a shop on level 8 of the Dungeon)

   [ring of flight]

   rElec:     It insulates you from electricity.
   rPois:     It protects you from poison.
   rN:        It protects you from negative energy.
   Fly:       It grants you flight.
   *Corrode:  It may corrode you when you take damage.
 G - the amulet "Narchunirr" (around neck) {RegenMP Int+2}
   (You took it off a deep elf pyromancer on level 3 of the Elven Halls)

   [amulet of magic regeneration]

   It increases your rate of magic regeneration.
   Int:       It affects your intelligence (+2).
 T - the ring "Ofiju" {rC+ rN+}
   (You took it off an efreet in Pandemonium)

   [ring of protection from cold]

   rC:        It protects you from cold.
   rN:        It protects you from negative energy.
 U - the ring of Zageoketa {*Corrode rElec rPois AC+4 Slay+2}
   (You found it in Pandemonium)

   [ring of protection]

   AC:        It affects your AC (+4).
   Slay:      It affects your accuracy & damage with ranged weapons and melee
   (+2).
   rElec:     It insulates you from electricity.
   rPois:     It protects you from poison.
   *Corrode:  It may corrode you when you take damage.
 V - the macabre finger necklace {rN+}
   (You took it off a yaktaur on level 5 of the Vaults)

   [amulet of nothing]

   It enables you to equip an extra ring.
   rN:        It protects you from negative energy.
 Y - the ring "Diol" (right hand) {Drain rC+ Will+++ AC+4 Int+8}
   (You found it on level 5 of the Vaults)

   [ring of protection]

   AC:        It affects your AC (+4).
   Int:       It affects your intelligence (+8).
   rC:        It protects you from cold.
   Drain:     It drains your maximum health when unequipped.
   Will:      It greatly increases your willpower.
 Z - the ring "Aruf" {rF+ Will+ AC+4}
   (You found it on level 5 of the Pits of Slime)

   [ring of protection]

   AC:        It affects your AC (+4).
   rF:        It protects you from fire.
   Will:      It increases your willpower.
Wands
 j - a wand of digging (8)
   (You found it on level 2 of the Vaults)
 B - a wand of roots (86)
   (You took it off Maurice on level 11 of the Dungeon)
 F - a wand of quicksilver (35)
   (You found it on level 6 of the Dungeon)
Scrolls
 a - 3 scrolls of torment
 c - a scroll of acquirement
 p - 7 scrolls of enchant armour
 q - 38 scrolls of teleportation
 y - 6 scrolls of summoning
 C - 7 scrolls of amnesia
 I - 11 scrolls of immolation
 K - 5 scrolls of butterflies
 L - 5 scrolls of silence
 N - 12 scrolls of poison
 O - 19 scrolls of vulnerability
 P - 6 scrolls of fear
 S - 6 scrolls of blinking
 W - 5 scrolls of enchant weapon
Potions
 b - 6 potions of magic
 e - 15 potions of resistance
 f - 14 potions of brilliance
 k - 10 potions of might
 l - 13 potions of invisibility
 n - 11 potions of cancellation
 v - 8 potions of mutation
 x - 10 potions of heal wounds
 z - 10 potions of ambrosia
 A - 16 potions of curing
 E - 5 potions of haste
 H - 7 potions of berserk rage
 J - 17 potions of flight
Miscellaneous
 d - a phantom mirror
   (You found it on level 2 of the Elven Halls)
 g - a tin of tremorstones (2/2)
   (You found it in a treasure trove)
 m - a box of beasts
   (You found it in a treasure trove)
 s - a phial of floods
   (You found it on level 3 of the Elven Halls)
 u - a condenser vane
   (You found it on level 4 of the Spider Nest)
 X - a lightning rod (4/4)
   (You found it on level 5 of the Pits of Slime)


   Skills:
 - Level 16.1 Fighting
 - Level 14.0 Long Blades
 - Level 15.0 Armour
 - Level 1.7 Dodging
 - Level 1.7 Stealth
 - Level 15.0 Shields
 - Level 23.0 Spellcasting
 + Level 24.2 Conjurations
 - Level 18.3 Necromancy
 - Level 10.0 Translocations
 - Level 10.0 Transmutations
 + Level 24.0 Fire Magic
 - Level 22.0 Ice Magic
 - Level 22.0 Earth Magic
 - Level 15.0 Invocations


You had 4 spell levels left.
You knew the following spells:

 Your Spells              Type           Power      Damage    Failure   Level
a - Fire Storm            Conj/Fire      80%        8d20      1%          9
b - Lehudib's Crystal Sp  Conj/Erth      79%        10d18     1%          8
c - Spellforged Servitor  Conj/Summ      64%        N/A       2%          7
d - Necromutation         Tmut/Necr      67%        N/A       6%          8
e - Dispersal             Tloc           60%        N/A       1%          6
f - Passage of Golubria   Tloc           100%       N/A       1%          4
g - Shatter               Erth           77%        3d56*     4%          9
h - Ignition              Fire           80%        3d21      1%          8
i - Polar Vortex          Ice            77%        N/A       4%          9

Your spell library contained the following spells:

 Spells                   Type           Power      Damage    Failure   Level
 Apportation              Tloc           100%       N/A       1%          1
 Beastly Appendage        Tmut           100%       N/A       1%          1
 Foxfire                  Conj/Fire      100%       2x1d9     1%          1
 Freeze                   Ice            100%       1d10      1%          1
 Kiss of Death            Conj/Necr      100%       2d13      1%          1
 Magic Dart               Conj           100%       1d8       1%          1
 Necrotise                Necr           100%       1d9       1%          1
 Sandblast                Erth           100%       2d20      1%          1
 Shock                    Conj/Air       100%       1d9       1%          1
 Slow                     Hex            100%       N/A       1%          1
 Sting                    Tmut/Pois      100%       1d8       1%          1
 Summon Small Mammal      Summ           100%       N/A       1%          1
 Blink                    Tloc           100%       N/A       1%          2
 Call Imp                 Summ           68%        N/A       1%          2
 Cigotuvi's Dreadful Rot  Necr/Pois/Air  100%       N/A       1%          2
 Ensorcelled Hibernation  Hex/Ice        100%       N/A       1%          2
 Momentum Strike          Conj/Tloc      100%       3d10      1%          2
 Passwall                 Tmut/Erth      100%       N/A       1%          2
 Poisonous Vapours        Pois/Air       100%       N/A       1%          2
 Scorch                   Fire           100%       2d10      1%          2
 Searing Ray              Conj           100%       2d8       1%          2
 Static Discharge         Conj/Air       100%       2-7/arc   1%          2
 Sublimation of Blood     Necr           100%       N/A       1%          2
 Wereblood                Tmut           100%       N/A       1%          2
 Call Canine Familiar     Summ           68%        N/A       1%          3
 Confusing Touch          Hex            68%        N/A       1%          3
 Dazzling Flash           Conj/Hex       100%       N/A       1%          3
 Frozen Ramparts          Ice            100%       1d16      1%          3
 Gell's Gravitas          Tloc           100%       N/A       1%          3
 Hailstorm                Conj/Ice       100%       3d20      1%          3
 Ignite Poison            Fire/Tmut/Pois 100%       N/A       1%          3
 Inner Flame              Hex/Fire       100%       N/A       1%          3
 Kindle Blastsparks       Fire/Tloc/Air  100%       2d18      1%          3
 Lesser Beckoning         Tloc           100%       N/A       1%          3
 Mephitic Cloud           Conj/Pois/Air  100%       N/A       1%          3
 Ozocubu's Armour         Ice            100%       N/A       1%          3
 Portal Projectile        Hex/Tloc       100%       N/A       1%          3
 Spider Form              Tmut/Pois      99%        N/A       1%          3
 Stone Arrow              Conj/Erth      100%       3d13      1%          3
 Summon Guardian Golem    Hex/Summ       68%        N/A       1%          3
 Swiftness                Air            68%        N/A       1%          3
 Teleport Other           Tloc           100%       N/A       1%          3
 Tukima's Dance           Hex            68%        N/A       1%          3
 Vampiric Draining        Necr           100%       2d13      1%          3
 Vhi's Electric Charge    Tloc/Air       100%       N/A       1%          3
 Anguish                  Hex/Necr       58%        N/A       1%          4
 Animate Armour           Summ/Erth      100%       N/A       1%          4
 Animate Dead             Necr           100%       N/A       1%          4
 Dispel Undead            Necr           100%       3d31      1%          4
 Flame Wave               Conj/Fire      100%       2d21      1%          4
 Fulminant Prism          Conj/Hex       64%        3d26      1%          4
 Ice Form                 Ice/Tmut       100%       N/A       1%          4
 Iskenderun's Mystic Bla  Conj/Tloc      100%       2d19      1%          4
 Leda's Liquefaction      Hex/Erth       62%        N/A       1%          4
 Manifold Assault         Tloc           100%       N/A       1%          4
 Petrify                  Tmut/Erth      100%       N/A       1%          4
 Sticky Flame             Conj/Fire      100%       2d11      1%          4
 Summon Ice Beast         Ice/Summ       100%       N/A       1%          4
 Airstrike                Air            34%        2d(5-21)  3%          4
 Cause Fear               Hex            34%        N/A       3%          4
 Olgreb's Toxic Radiance  Pois           68%        N/A       3%          4
 Summon Lightning Spire   Summ/Air       68%        N/A       3%          4
 Agony                    Necr           100%       N/A       1%          5
 Alistair's Intoxication  Tmut/Pois      66%        N/A       1%          5
 Arcjolt                  Conj/Air       64%        1d74      1%          5
 Blade Hands              Tmut           60%        N/A       1%          5
 Borgnjor's Vile Clutch   Necr/Erth      75%        N/A       1%          5
 Fireball                 Conj/Fire      80%        3d30      1%          5
 Freezing Cloud           Conj/Ice/Air   69%        6-21      1%          5
 Irradiate                Conj/Tmut      71%        3d35      1%          5
 Iskenderun's Battlesphe  Conj           100%       2d15      1%          5
 Lee's Rapid Deconstruct  Erth           77%        3d35*     1%          5
 Lightning Bolt           Conj/Air       64%        1d87      1%          5
 Metabolic Englaciation   Hex/Ice        62%        N/A       1%          5
 Summon Forest            Summ/Tloc      49%        N/A       1%          5
 Yara's Violent Unravell  Hex/Tmut       49%        3d19      1%          5
 Conjure Ball Lightning   Conj/Air       64%        3x3d24    1%          6
 Death Channel            Necr           73%        N/A       1%          6
 Iron Shot                Conj/Erth      79%        9d14      1%          6
 Simulacrum               Ice/Necr       75%        N/A       1%          6
 Starburst                Conj/Fire      80%        6d20      1%          6
 Statue Form              Tmut/Erth      93%        N/A       1%          6
 Orb of Destruction       Conj           80%        9d18      1%          7
 Ozocubu's Refrigeration  Ice            77%        4d24      1%          7
 Borgnjor's Revivificati  Necr           73%        N/A       1%          8
 Infestation              Necr           73%        N/A       1%          8
 Dragon Form              Tmut           60%        N/A       4%          7
 Eringya's Noxious Bog    Tmut/Pois      49%        N/A       6%          6
 Haunt                    Necr/Summ      58%        N/A       6%          7
 Silence                  Hex/Air        34%        N/A       9%          5
 Summon Mana Viper        Hex/Summ       68%        N/A       9%          5
 Death's Door             Necr           73%        N/A       16%         9
 Malign Gateway           Summ/Tloc      49%        N/A       30%         7
 Storm Form               Tmut/Air       49%        N/A       30%         7
 Disjunction              Tloc           60%        N/A       30%         8
 Summon Cactus Giant      Summ           34%        N/A       38%         6
 Chain Lightning          Conj/Air       64%        3d85      86%         9
 Enfeeble                 Hex            34%        N/A       89%         7
 Monstrous Menagerie      Summ           34%        N/A       89%         7
 Summon Hydra             Summ           34%        N/A       89%         7
 Discord                  Hex            34%        N/A       100%        8
 Maxwell's Capacitive Co  Air            34%        ∞         100%        8
 Summon Horrible Things   Summ           34%        N/A       100%        8
 Dragon's Call            Summ           34%        N/A       100%        9


Dungeon Overview and Level Annotations

Branches:
Dungeon (15/15)            Temple (1/1) D:5            Lair (5/5) D:9
  Swamp (4/4) Lair:3       Spider (4/4) Lair:3        Slime (5/5) Lair:4
    Orc (2/2) D:9             Elf (3/3) Orc:2        Vaults (5/5) D:13
  Crypt (3/3) Vaults:3       Tomb (3/3) Crypt:3      Depths (4/4) D:15
   Hell (visited)             Dis (7/7) Hell            Geh (7/7) Hell
    Coc (7/7) Hell            Tar (7/7) Hell            Zot (5/5) Depths:4
 Bailey (visited)          WizLab (visited)

Altars:
Ashenzari
Cheibriados
Dithmenos
Fedhas
Gozag
Hepliaklqana
Kikubaaqudgha
Makhleb
Nemelex Xobeh
Okawaru
Qazlal
Ru
Sif Muna
Trog
Uskayaw
Vehumet
Wu Jian
Xom
Yredelemnul
Jiyva

Shops:
D:8 =   D:9 (   D:11 ?   D:14 *   Orc:2 ?((:   Elf:2 [   Vaults:3 :
Vaults:4 [

Portals:
Hell: Depths:1 Depths:2 Depths:3 Depths:4
Abyss: Depths:3
Pandemonium: Depths:2
Ziggurat: Depths:3

Annotations:
Swamp:4 1 transporter
Crypt:1 2 transporters
Crypt:3 3 runed translucent doors, Olih Byd's ghost, adept GrFi


Innate Abilities, Weirdness & Mutations

You can hurl damnation.
A meltable icy envelope protects you from harm. (AC +8)
You are resistant to unholy torment.
You have an absolutely massive brain. (Int +6, Wiz)
A meltable shield of frost defends you. (SH +4)
Spells you cast and wands you use may paralyse nearby enemies.
You punish those that try to bend your will. (Will+)
You have a sharp stinger which inflicts weakening toxins.
You have sharp fingernails.
Your body sometimes deteriorates upon taking damage.
Your spells are a little harder to cast, but a little more powerful.


Message History

Sif Muna accepts your kill.
The emperor scorpion disappears in a puff of smoke!
Malevolent energies surge around you.
* * * LOW MAGIC WARNING * * *
You feel extremely nervous for a moment...
You feel a surge of unholy energy.
You see here a death scarab corpse.
You feel yourself speed up.
The sentinel's mark upon you fades away.
Your transformation is almost over.
You feel yourself come back to life.
You start resting.
Magic restored.
Found a golden rune of Zot.
You pick up the golden rune and feel its power.
You have collected all the runes!
Now go and win!
Press } to see all the runes you have collected.
Unknown command.
Casting: Ignition (mildly dangerous; 1% risk of failure)
Confirm with . or Enter, or press ? or * to list all spells.
The dungeon rumbles!
Ka-crash!
Malevolent energies surge around you.
You see here a death scarab corpse.
You see here a death scarab corpse.
Found a runed longbow and 23 gold pieces.
Found 47 gold pieces and 11 stones.
Found a one-way staircase leading up.
There is an open door here.
Found eight items.
Found six items.
Found six items.
Found six items.
Found six items.
A mummy comes into view.
Found four items.
Found four items.
Found four items.
You see here 19 gold pieces.
You see here 18 gold pieces.
You see here a phantom mirror.
You see here a manual of Throwing.
You see here an amulet of the acrobat.
Found 20 gold pieces.
You see here 9 gold pieces.
Casting: Shatter (dangerous; 4% risk of failure)
Confirm with . or Enter, or press ? or * to list all spells.
The dungeon rumbles!
You destroy the mummy!
Sif Muna accepts your kill.
Ka-crash!
Malevolent energies surge around you.
Things that are here:
a +0 leather armour; the +6 quarterstaff of Parts Unknown {protect, rPois MP+9}
There is a one-way staircase leading up here.
A mysterious force pulls you upwards. The hatch slams shut behind you.
You block the guardian mummy's attack.
Casting: Shatter (dangerous; 4% risk of failure)
Confirm with . or Enter, or press ? or * to list all spells.
You don't know that spell.
Casting: Shatter (dangerous; 4% risk of failure)
Confirm with . or Enter, or press ? or * to list all spells.
The dungeon rumbles!
A door shatters! x2
You destroy the guardian mummy!
Sif Muna accepts your kill.
Ka-crash!
Malevolent energies surge around you.
You feel extremely nervous for a moment...
Your skin prickles.
You hear a shout!
A mummy priest comes into view.
Your Conjurations skill increases to level 24!
The mummy priest enters a dispersal trap!
You blink.
A skeletal warrior comes into view. It is wielding a +0 mace.
You block the mummy priest's attack.
You slice the mummy priest!! You tail-slap the mummy priest.
The mummy priest is moderately damaged.
Casting: Shatter (dangerous; 4% risk of failure)
Confirm with . or Enter, or press ? or * to list all spells.
Aiming: Lehudib's Crystal Spear (mildly dangerous; 1% risk of failure)
Press: ? - help, Shift-Dir - straight line, f - mummy priest
Aim: a mummy priest (moderately damaged, 91% to hit)
The crystal spear misses the mummy priest.
Malevolent energies surge around you.
The mummy priest mumbles some strange prayers to its god.
You hit the mummy priest but do no damage.
The mummy priest is moderately damaged.
The mummy priest invokes the aid of its god against you.
Something smites you!
You hit the mummy priest.
The mummy priest is heavily damaged.
The orange demon barely misses you. You block the hellwing's attack.
The hellwing hits you but does no damage.
Casting: Lehudib's Crystal Spear (mildly dangerous; 1% risk of failure)
Confirm with . or Enter, or press ? or * to list all spells.
Aiming: Lehudib's Crystal Spear (mildly dangerous; 1% risk of failure)
Press: ? - help, Shift-Dir - straight line, f/p - mummy priest
Aim: a mummy priest (heavily damaged, 91% to hit)
The crystal spear hits the mummy priest!!!!
You destroy the mummy priest!
Sif Muna accepts your kill.
The orange demon disappears in a puff of smoke!
The hellwing disappears in a puff of smoke!
Malevolent energies surge around you.
You feel extremely nervous for a moment...
Pain shoots through your body!!
Found a morningstar.
Casting: Lehudib's Crystal Spear (mildly dangerous; 1% risk of failure)
Confirm with . or Enter, or press ? or * to list all spells.
Your body is suffused with negative energy!
Malevolent energies surge around you.
You block the skeletal warrior's attack.
The skeletal warrior attacks as you move away!
The skeletal warrior completely misses you.
A guardian mummy comes into view.
Found 4 stones.
The guardian mummy hits you but does no damage.
You block the guardian mummy's attack.
A guardian mummy comes into view.
It is carrying a wand of quicksilver (7).
You block the guardian mummy's attack.
The skeletal warrior attacks as you move away!
The skeletal warrior hits you with a +0 mace.
The guardian mummy zaps a wand.
The bolt of dispelling energy hits you but does no damage.
Your magical effects are unravelling.
The skeletal warrior hits you with a +0 mace!
You feel yourself come back to life.
Casting: Necromutation (dangerous; 6% risk of failure)
Confirm with . or Enter, or press ? or * to list all spells.
Your body is suffused with negative energy!
Malevolent energies surge around you.
The guardian mummy suddenly stops moving!
You hear a shout!
The skeletal warrior hits you but does no damage.
The skeletal warrior attacks as you move away!
You block the skeletal warrior's attack.
The guardian mummy is no longer paralysed.
You see here a scroll of teleportation.
You block the skeletal warrior's attack.
The skeletal warrior attacks as you move away!
You block the skeletal warrior's attack.
The skeletal warrior attacks as you move away!
The skeletal warrior hits you with a +0 mace.
The skeletal warrior attacks as you move away!
You block the skeletal warrior's attack.
There is a one-way staircase leading up here.
Casting: Necromutation (dangerous; 6% risk of failure)
Confirm with . or Enter, or press ? or * to list all spells.
Casting: Dispersal (mildly dangerous; 1% risk of failure)
Press: ? - help, Dir - look around, f - activate The skeletal warrior blinks!
The skeletal warrior appears confused.
Malevolent energies surge around you. A mysterious force pulls you upwards.
The hatch slams shut behind you.
There is a one-way staircase leading down here.
There is an open door here.
A mummy comes into view.
A lich comes into view.
A mummy comes into view.
A mummy comes into view.
You block the mummy's attack.
You hit the mummy but do no damage. You slash the mummy!
The mummy is severely damaged.
You block the mummy's attack.
You barely miss the mummy. You tail-slap the mummy.
You destroy the mummy!
Sif Muna accepts your kill.
You slice the mummy!!
You destroy the mummy!
Sif Muna accepts your kill.
Casting: Dispersal (mildly dangerous; 1% risk of failure)
Confirm with . or Enter, or press ? or * to list all spells.
The dungeon rumbles!
Ka-crash!
Malevolent energies surge around you.
Unknown command.
There is a staircase back to the Crypt here.
You fly upwards.
Welcome back to the Crypt!
Level annotation: 3 runed translucent doors, Olih Byd's ghost, adept GrFi
There is a staircase to the Tomb here.
Things that are here:
a +3 glaive of protection; a +0 halberd; a +0 plate armour Unknown command.
Unknown command.
(D) Dungeon (T) Temple (L) Lair (S) Swamp (N) Spider Nest (M) Slime Pits (O) Orcish Mines (E) Elven Halls (V) Vaults (C) Crypt (W) Tomb (U) Depths (H) Hell (I) Dis (G) Gehenna (X) Cocytus (Y) Tartarus (Z) Zot
Where to? (Enter - Tomb:1 @ (x,y), ? - help)
What level of the Realm of Zot? (default 1, ? - help) Olih Byd's ghost turns its malevolent gaze towards you.
There is a stone staircase leading up here.
You fly upwards.
There is a stone staircase leading down here.
HP restored.
Your transformation is almost over.
You see here a +0 robe.
There is a stone staircase leading up here.
You fly upwards.
Level annotation: 2 transporters
There is a stone staircase leading down here.
You feel yourself come back to life.
There is an open door here.
There is an open door here.
Things that are here:
a +0 plate armour; a +3 great sword of draining
There is a staircase back to the Vaults, spattered with blood here.
You fly upwards.
Welcome back to the Vaults!
There is a staircase to the Crypt here.
There is an open door here.
There is an open door here.
There is an open door here.
There is a stone staircase leading up here.
You fly upwards.
There is a stone staircase leading down here.
There is an open door here.
Things that are here:
a +0 chain mail; a +2 rapier of venom
Things that are here:
a +0 scale mail; a +0 falchion
Things that are here:
a +0 ring mail of poison resistance; a +0 morningstar
Things that are here:
a +0 robe; a +1 dagger of protection
There is an open door here.
You see here 4 large rocks.
You see here a +0 great sword of flaming.
Things that are here:
a +0 arbalest; 5 stones
There is an open door here.
There is a stone staircase leading up here.
You fly upwards.
There is a stone staircase leading down here.
There is an open door here.
There is a broken door here.
There is a gate leading back out of this place here.
You fly up through the gate.
Welcome back to the Dungeon!
There is a gate to the Vaults here.
There is a stone staircase leading down here.
You fly downwards.
There is a stone staircase leading up, spattered with blood here.
You see here a +0 shortbow.
Things that are here:
a +0 shortbow; a +0 shortbow
There is a stone staircase leading down here.
You fly downwards.
There is a stone staircase leading up, spattered with blood here.
There is an open door here.
There is an open door here.
You see here a +0 longbow.
There is a staircase to the Depths here.
You fly downwards.
Welcome back to the Depths!
There is a staircase back to the Dungeon here.
Items here: )) [[.
Things that are here:
a +0 robe; a +0 dagger
Things that are here:
a scroll of brand weapon; a +0 war axe; a +0 robe
There is a stone staircase leading down here.
You fly downwards.
There is a stone staircase leading up here.
There is a stone staircase leading down here.
You fly downwards.
There is a stone staircase leading up here.
There is an open door here.
You see here an amulet of reflection.
There is a stone staircase leading down here.
You fly downwards.
There is a stone staircase leading up here.
You see here a +0 whip.
There is an open gate here.
You see here +0 fire dragon scales.
There is a gate to the Realm of Zot here.
You fly down through the gate.
Welcome back to the Realm of Zot!
There is a gate leading back out of this place here.
Things that are here:
a +0 scimitar; a +0 cloak
Things that are here:
a +0 long sword; a +0 cloak; a +0 dagger
Things that are here:
a +0 cloak; a +0 dagger
There is a stone staircase leading down here.
You fly downwards.
There is a stone staircase leading up here.
There is an open door here.
There is a stone staircase leading down here.
You fly downwards.
There is a stone staircase leading up here.
You see here a +8 club of venom.
You see here +0 shadow dragon scales.
You see here a +0 halberd.
There is a stone staircase leading down here.
You fly downwards.
There is a stone staircase leading up, spattered with blood here.
There is a stone staircase leading down here.
You fly downwards.
There is a stone staircase leading up here.
Unknown command.
Unknown command.
There is an open door here.
You see here a +0 falchion.
You see here the Orb of Zot.
You pick up the Orb of Zot!
The Orb lets out a hideous shriek!
The lords of Pandemonium are not amused.
Beware!
Now all you have to do is get back out of the dungeon!
Really fly into that permanent teleport trap?
You enter a permanent teleport trap!
Your surroundings suddenly seem different.
Really fly into that permanent teleport trap?
You enter a permanent teleport trap!
Your surroundings suddenly seem different.
Really fly into that permanent teleport trap?
You enter a permanent teleport trap!
Your surroundings suddenly seem different.
There is an open door here.
A cherub comes into view.
It is wielding a +2 falchion of flaming.
You see here a +0 cloak.
The cherub unwields a +2 falchion of flaming.
It stops flaming.
The cherub wields a +0 longbow.
The cherub shoots an arrow.
You block the arrow.
There is a stone staircase leading up here.
You fly upwards.
There is a stone staircase leading down here.
There is a stone staircase leading up, spattered with blood here.
You fly upwards.
There is a stone staircase leading down here.
Things that are here:
a wand of flame (4); a +0 club; a +11 club of flaming A shadow demon comes into view.
You can't go up here!
The shadow demon gestures.
You see here a +0 halberd.
You see here +0 shadow dragon scales.
There is a stone staircase leading up here.
You fly upwards.
There is a stone staircase leading down here.
There is an open door here.
There is a stone staircase leading up here.
You fly upwards.
There is a stone staircase leading down here.
Things that are here:
a +0 cloak; a +0 dagger
Things that are here:
a +0 long sword; a +0 cloak; a +0 dagger You see here a +0 battleaxe.
There is a gate leading back out of this place here.
You fly up through the gate.
Welcome back to the Depths!
There is a gate to the Realm of Zot here.
There is an open gate here.
You see here a +0 halberd.
A rust devil and an ice devil come into view.
The rust devil screeches!
You can't go up here!
A great orb of eyes comes into view.
You hit the ice devil but do no damage.
You tail-slap the ice devil, but do no damage.
You block the ice devil's attack.
You completely miss the ice devil. You block the rust devil's attack.
You block the ice devil's attack.
You slash the ice devil!
The ice devil is moderately wounded.
You block the rust devil's attack.
You hit the ice devil but do no damage.
The ice devil is moderately wounded.
The ice devil hits you but does no damage.
You block the rust devil's attack.
You hit the ice devil.
You tail-slap the ice devil, but do no damage.
The ice devil is moderately wounded.
You block the ice devil's attack.
You barely miss the ice devil.
Your tail-slap misses the ice devil.
The ice devil is moderately wounded.
You block the rust devil's attack. You block the ice devil's attack.
You closely miss the ice devil.
You tail-slap the ice devil, but do no damage.
The ice devil is moderately wounded.
You block the rust devil's attack.
Casting: Shatter (dangerous; 4% risk of failure)
Confirm with . or Enter, or press ? or * to list all spells.
Aiming: Fire Storm (dangerous; 2% risk of failure)
Press: ? - help, Dir - move target
Okay, then.
Unknown command.
Casting: Fire Storm (dangerous; 2% risk of failure)
Confirm with . or Enter, or press ? or * to list all spells.
The dungeon rumbles!
The great orb of eyes is lightly wounded.
You kill the ice devil!
Sif Muna accepts your kill.
You kill the rust devil!
Sif Muna accepts your kill.
Ka-crash!
Malevolent energies surge around you.
You block the great orb of eyes's attack.
Unknown command.
You block the great orb of eyes's attack.
You block the great orb of eyes's attack.
The great orb of eyes attacks as you move away!
The great orb of eyes bites you.
Things that are here:
a +0 dire flail of protection; a +0 dire flail You see here +0 storm dragon scales.
The great orb of eyes attacks as you move away!
You block the great orb of eyes's attack. x2
An Orb Guardian comes into view.
There is a stone staircase leading up here.
Casting: Shatter (dangerous; 4% risk of failure)
Confirm with . or Enter, or press ? or * to list all spells.
Aiming: Lehudib's Crystal Spear (mildly dangerous; 1% risk of failure)
Press: ? - help, Shift-Dir - straight line, f - great orb of eyes
Aim: a great orb of eyes (lightly wounded, 99% to hit)
The crystal spear hits the great orb of eyes!!!!
You kill the great orb of eyes!
Sif Muna accepts your kill. Malevolent energies surge around you.
You fly upwards.
There is a stone staircase leading down here.
A rust devil comes into view.
You can't go up here!
Casting: Lehudib's Crystal Spear (mildly dangerous; 1% risk of failure)
Confirm with . or Enter, or press ? or * to list all spells.
You can't see any susceptible monsters within range! (Use Z to cast anyway.) Unknown command.
You see here an amulet of reflection.
Casting: Lehudib's Crystal Spear (mildly dangerous; 1% risk of failure)
Confirm with . or Enter, or press ? or * to list all spells.
Aiming: Lehudib's Crystal Spear (mildly dangerous; 1% risk of failure)
Press: ? - help, Shift-Dir - straight line, f - rust devil
Aim: a rust devil (89% to hit)
The crystal spear hits the rust devil!!!!
You kill the rust devil!
Sif Muna accepts your kill. Malevolent energies surge around you.
(D) Dungeon (T) Temple (L) Lair (S) Swamp (N) Spider Nest (M) Slime Pits (O) Orcish Mines (E) Elven Halls (V) Vaults (C) Crypt (W) Tomb (U) Depths (H) Hell (I) Dis (G) Gehenna (X) Cocytus (Y) Tartarus (Z) Zot
Where to? (Enter - Depths:3 @ (x,y), ? - help) Magic restored.
There is an open door here.
There is a stone staircase leading up here.
You fly upwards.
There is a stone staircase leading down here.
(D) Dungeon (T) Temple (L) Lair (S) Swamp (N) Spider Nest (M) Slime Pits (O) Orcish Mines (E) Elven Halls (V) Vaults (C) Crypt (W) Tomb (U) Depths (H) Hell (I) Dis (G) Gehenna (X) Cocytus (Y) Tartarus (Z) Zot
Where to? (Enter - Depths:2, ? - help)
A hell beast comes into view.
The hell beast bleats!
Casting: Lehudib's Crystal Spear (mildly dangerous; 1% risk of failure)
Confirm with . or Enter, or press ? or * to list all spells.
Aiming: Lehudib's Crystal Spear (mildly dangerous; 1% risk of failure)
Press: ? - help, Shift-Dir - straight line, f - hell beast
Aim: a hell beast (78% to hit)
The crystal spear hits the hell beast!!!!
You kill the hell beast!
Sif Muna accepts your kill. Malevolent energies surge around you.
(D) Dungeon (T) Temple (L) Lair (S) Swamp (N) Spider Nest (M) Slime Pits (O) Orcish Mines (E) Elven Halls (V) Vaults (C) Crypt (W) Tomb (U) Depths (H) Hell (I) Dis (G) Gehenna (X) Cocytus (Y) Tartarus (Z) Zot
Where to? (Enter - Depths:1, ? - help) Oppaeli comes into view.
It is armed with a distorting touch.
Press: ? - help, v - describe, . - travel
Here: Oppaeli, armed with a distorting touch The floor.
Unknown command.
Unknown command.
Unknown command.
Unknown command.
Casting: Lehudib's Crystal Spear (mildly dangerous; 1% risk of failure)
Confirm with . or Enter, or press ? or * to list all spells.
Aiming: Lehudib's Crystal Spear (mildly dangerous; 1% risk of failure)
Press: ? - help, Shift-Dir - straight line, f - Oppaeli
Aim: Oppaeli, armed with a distorting touch (82% to hit)
The crystal spear hits Oppaeli!!!
Oppaeli is lightly wounded.
Malevolent energies surge around you. You block Oppaeli's attack.
Oppaeli hits you!! Space warps horribly around you.
Casting: Lehudib's Crystal Spear (mildly dangerous; 1% risk of failure)
Confirm with . or Enter, or press ? or * to list all spells.
Aiming: Lehudib's Crystal Spear (mildly dangerous; 1% risk of failure)
Press: ? - help, Shift-Dir - straight line, f/p - Oppaeli
Aim: Oppaeli, armed with a distorting touch (lightly wounded, 82% to hit)
The crystal spear hits Oppaeli!!!!
Oppaeli is heavily wounded.
Malevolent energies surge around you. You block Oppaeli's attack.
Oppaeli hits you but does no damage. Space warps around you.
Casting: Lehudib's Crystal Spear (mildly dangerous; 1% risk of failure)
Confirm with . or Enter, or press ? or * to list all spells.
Aiming: Lehudib's Crystal Spear (mildly dangerous; 1% risk of failure)
Press: ? - help, Shift-Dir - straight line, f/p - Oppaeli
Aim: Oppaeli, armed with a distorting touch (heavily wounded, 82% to hit)
The crystal spear hits Oppaeli!!!!
Oppaeli is almost dead.
Malevolent energies surge around you. Oppaeli hits you!
You blink.
Oppaeli gestures at you.
Oppaeli blinks!
Casting: Lehudib's Crystal Spear (mildly dangerous; 1% risk of failure)
Confirm with . or Enter, or press ? or * to list all spells.
You can't see any susceptible monsters within range! (Use Z to cast anyway.) Unknown command.
A large abomination comes into view.
Casting: Lehudib's Crystal Spear (mildly dangerous; 1% risk of failure)
Confirm with . or Enter, or press ? or * to list all spells.
Aiming: Lehudib's Crystal Spear (mildly dangerous; 1% risk of failure)
Press: ? - help, Shift-Dir - straight line, f/p - Oppaeli
Aim: Oppaeli, armed with a distorting touch (water, almost dead, 82% to hit)
The crystal spear hits Oppaeli!!!!
You kill Oppaeli!
Sif Muna accepts your kill. Malevolent energies surge around you.
An ice devil comes into view.
Casting: Lehudib's Crystal Spear (mildly dangerous; 1% risk of failure)
Confirm with . or Enter, or press ? or * to list all spells.
Aiming: Fire Storm (dangerous; 2% risk of failure)
Press: ? - help, Dir - move target, f - ice devil
Aim: an ice devil A raging storm of fire appears!
The great blast of fire engulfs the ice devil!!!!
The ice devil is burned terribly!
You kill the ice devil!
Sif Muna accepts your kill. x2
You feel a bit more experienced. Malevolent energies surge around you.
There is an escape hatch in the ceiling here.
A mysterious force pulls you upwards. The hatch slams shut behind you.
There is a shaft here.
There is a shaft here.
Things that are here:
a scroll of brand weapon; a +0 war axe; a +0 robe Magic restored.
An Orb Guardian comes into view.
You can't go up here!
Casting: Fire Storm (dangerous; 2% risk of failure)
Confirm with . or Enter, or press ? or * to list all spells.
Aiming: Fire Storm (dangerous; 2% risk of failure)
Press: ? - help, Dir - move target, f - Orb Guardian
Aim: an Orb Guardian A raging storm of fire appears!
The great blast of fire engulfs the Orb Guardian!!!
The Orb Guardian is severely wounded.
Malevolent energies surge around you.
The Orb Guardian is engulfed in blazing flames. x2
The Orb Guardian is engulfed in blazing flames.
Things that are here:
a +0 robe; a +0 dagger The Orb Guardian attacks as you move away!
You block the Orb Guardian's attack.
The Orb Guardian attacks as you move away!
You block the Orb Guardian's attack.
The Orb Guardian hits you but does no damage.
Casting: Fire Storm (dangerous; 2% risk of failure)
Confirm with . or Enter, or press ? or * to list all spells.
Casting: Dispersal (mildly dangerous; 1% risk of failure)
Press: ? - help, Dir - look around, f - activate The Orb Guardian blinks!
Malevolent energies surge around you.
Items here: )) [[.
There is a staircase back to the Dungeon here.
You block the Orb Guardian's attack.
You fly upwards.
Welcome back to the Dungeon!
There is a staircase to the Depths here.
(D) Dungeon (T) Temple (L) Lair (S) Swamp (N) Spider Nest (M) Slime Pits (O) Orcish Mines (E) Elven Halls (V) Vaults (C) Crypt (W) Tomb (U) Depths (H) Hell (I) Dis (G) Gehenna (X) Cocytus (Y) Tartarus (Z) Zot
Where to? (Enter - Depths:1 @ (x,y), ? - help)
There is an open door here.
You see here a +0 longbow.
Magic restored.
There is an open door here.
A green death comes into view.
(D) Dungeon (T) Temple (L) Lair (S) Swamp (N) Spider Nest (M) Slime Pits (O) Orcish Mines (E) Elven Halls (V) Vaults (C) Crypt (W) Tomb (U) Depths (H) Hell (I) Dis (G) Gehenna (X) Cocytus (Y) Tartarus (Z) Zot
Where to? (Enter - D:14, ? - help)
A green death is nearby!
Unknown command.
Casting: Dispersal (mildly dangerous; 1% risk of failure)
Confirm with . or Enter, or press ? or * to list all spells.
Aiming: Lehudib's Crystal Spear (mildly dangerous; 1% risk of failure)
Press: ? - help, Shift-Dir - straight line, f - green death
Aim: a green death (91% to hit)
The crystal spear hits the green death!!!!
You kill the green death!
Sif Muna accepts your kill. Malevolent energies surge around you.
There is a stone staircase leading up, spattered with blood here.
You fly upwards.
There is a stone staircase leading down here.
Magic restored.
An Orb Guardian comes into view.
You can't go up here!
Casting: Lehudib's Crystal Spear (mildly dangerous; 1% risk of failure)
Confirm with . or Enter, or press ? or * to list all spells.
Aiming: Lehudib's Crystal Spear (mildly dangerous; 1% risk of failure)
Press: ? - help, Shift-Dir - straight line, f - Orb Guardian
Aim: an Orb Guardian (80% to hit)
The crystal spear hits the Orb Guardian!!!
The Orb Guardian is almost dead.
Malevolent energies surge around you.
The Orb Guardian hits you but does no damage.
You slash the Orb Guardian!
You kill the Orb Guardian!
Sif Muna accepts your kill.
There is a stone staircase leading up here.
You fly upwards.
There is a stone staircase leading down here.
There is an open door here.
There is an escape hatch in the ceiling here.
A mysterious force pulls you upwards. The hatch slams shut behind you.
(D) Dungeon (T) Temple (L) Lair (S) Swamp (N) Spider Nest (M) Slime Pits (O) Orcish Mines (E) Elven Halls (V) Vaults (C) Crypt (W) Tomb (U) Depths (H) Hell (I) Dis (G) Gehenna (X) Cocytus (Y) Tartarus (Z) Zot
Where to? (Enter - D:13 @ (x,y), ? - help)
A Tzitzimitl comes into view.
(D) Dungeon (T) Temple (L) Lair (S) Swamp (N) Spider Nest (M) Slime Pits (O) Orcish Mines (E) Elven Halls (V) Vaults (C) Crypt (W) Tomb (U) Depths (H) Hell (I) Dis (G) Gehenna (X) Cocytus (Y) Tartarus (Z) Zot
Where to? (Enter - D:11, ? - help)
A Tzitzimitl is nearby!
Unknown command.
The crystal spear hits the Tzitzimitl!!!!
The Tzitzimitl is severely wounded.
Malevolent energies surge around you.
The crystal spear hits the Tzitzimitl!!!!
You kill the Tzitzimitl!
Sif Muna accepts your kill. Malevolent energies surge around you.
(D) Dungeon (T) Temple (L) Lair (S) Swamp (N) Spider Nest (M) Slime Pits (O) Orcish Mines (E) Elven Halls (V) Vaults (C) Crypt (W) Tomb (U) Depths (H) Hell (I) Dis (G) Gehenna (X) Cocytus (Y) Tartarus (Z) Zot
Where to? (Enter - D:11, ? - help)
There is a stone staircase leading up here.
You fly upwards.
There is a stone staircase leading down here.
(D) Dungeon (T) Temple (L) Lair (S) Swamp (N) Spider Nest (M) Slime Pits (O) Orcish Mines (E) Elven Halls (V) Vaults (C) Crypt (W) Tomb (U) Depths (H) Hell (I) Dis (G) Gehenna (X) Cocytus (Y) Tartarus (Z) Zot
Where to? (Enter - D:11, ? - help)
A hellion comes into view.
(D) Dungeon (T) Temple (L) Lair (S) Swamp (N) Spider Nest (M) Slime Pits (O) Orcish Mines (E) Elven Halls (V) Vaults (C) Crypt (W) Tomb (U) Depths (H) Hell (I) Dis (G) Gehenna (X) Cocytus (Y) Tartarus (Z) Zot
Where to? (Enter - D:10, ? - help)
A hellion is nearby!
The crystal spear hits the hellion!!!!
You kill the hellion!
Sif Muna accepts your kill. Malevolent energies surge around you.
Your Fire Magic skill increases to level 24!
(D) Dungeon (T) Temple (L) Lair (S) Swamp (N) Spider Nest (M) Slime Pits (O) Orcish Mines (E) Elven Halls (V) Vaults (C) Crypt (W) Tomb (U) Depths (H) Hell (I) Dis (G) Gehenna (X) Cocytus (Y) Tartarus (Z) Zot
Where to? (Enter - D:10, ? - help)
There is an open door here.
Magic restored.
You see here a +0 giant spiked club.
There is a stone staircase leading up, spattered with blood here.
You fly upwards.
There is a stone staircase leading down here.
(D) Dungeon (T) Temple (L) Lair (S) Swamp (N) Spider Nest (M) Slime Pits (O) Orcish Mines (E) Elven Halls (V) Vaults (C) Crypt (W) Tomb (U) Depths (H) Hell (I) Dis (G) Gehenna (X) Cocytus (Y) Tartarus (Z) Zot
Where to? (Enter - D:10, ? - help)
There is a stone staircase leading up here.
You fly upwards.
There is a stone staircase leading down here.
(D) Dungeon (T) Temple (L) Lair (S) Swamp (N) Spider Nest (M) Slime Pits (O) Orcish Mines (E) Elven Halls (V) Vaults (C) Crypt (W) Tomb (U) Depths (H) Hell (I) Dis (G) Gehenna (X) Cocytus (Y) Tartarus (Z) Zot
Where to? (Enter - D:9, ? - help)
There is a stone staircase leading down here.
There is an open door here.
An angel comes into view.
It is wielding a +3 sacred scourge of holy wrath.
There is a stone staircase leading down here.
(D) Dungeon (T) Temple (L) Lair (S) Swamp (N) Spider Nest (M) Slime Pits (O) Orcish Mines (E) Elven Halls (V) Vaults (C) Crypt (W) Tomb (U) Depths (H) Hell (I) Dis (G) Gehenna (X) Cocytus (Y) Tartarus (Z) Zot
Where to? (Enter - D:8, ? - help)
Okay, then.
Casting: Lehudib's Crystal Spear (mildly dangerous; 1% risk of failure)
Confirm with . or Enter, or press ? or * to list all spells.
Aiming: Fire Storm (dangerous; 2% risk of failure)
Press: ? - help, Dir - move target A raging storm of fire appears!
The great blast of fire engulfs the angel!!!!
The angel is almost dead.
Malevolent energies surge around you.
Casting: Fire Storm (dangerous; 2% risk of failure)
Confirm with . or Enter, or press ? or * to list all spells.
Aiming: Fire Storm (dangerous; 2% risk of failure)
Press: ? - help, Dir - move target A raging storm of fire appears!
The great blast of fire engulfs the angel!!!!
You kill the angel!
Sif Muna accepts your kill. Malevolent energies surge around you.
(D) Dungeon (T) Temple (L) Lair (S) Swamp (N) Spider Nest (M) Slime Pits (O) Orcish Mines (E) Elven Halls (V) Vaults (C) Crypt (W) Tomb (U) Depths (H) Hell (I) Dis (G) Gehenna (X) Cocytus (Y) Tartarus (Z) Zot
Where to? (Enter - D:8, ? - help)
There is a stone staircase leading up here.
You fly upwards.
There is a stone staircase leading down here.
(D) Dungeon (T) Temple (L) Lair (S) Swamp (N) Spider Nest (M) Slime Pits (O) Orcish Mines (E) Elven Halls (V) Vaults (C) Crypt (W) Tomb (U) Depths (H) Hell (I) Dis (G) Gehenna (X) Cocytus (Y) Tartarus (Z) Zot
Where to? (Enter - D:8, ? - help)
You see here a +0 robe.
There is a stone staircase leading up here.
You fly upwards.
There is a stone staircase leading down here.
(D) Dungeon (T) Temple (L) Lair (S) Swamp (N) Spider Nest (M) Slime Pits (O) Orcish Mines (E) Elven Halls (V) Vaults (C) Crypt (W) Tomb (U) Depths (H) Hell (I) Dis (G) Gehenna (X) Cocytus (Y) Tartarus (Z) Zot
Where to? (Enter - D:7, ? - help) Magic restored.
There is an escape hatch in the ceiling here.
There is a stone staircase leading up here.
You fly upwards.
There is a stone staircase leading down here.
(D) Dungeon (T) Temple (L) Lair (S) Swamp (N) Spider Nest (M) Slime Pits (O) Orcish Mines (E) Elven Halls (V) Vaults (C) Crypt (W) Tomb (U) Depths (H) Hell (I) Dis (G) Gehenna (X) Cocytus (Y) Tartarus (Z) Zot
Where to? (Enter - D:6, ? - help)
There is a stone staircase leading up here.
You fly upwards.
There is a stone staircase leading down here.
(D) Dungeon (T) Temple (L) Lair (S) Swamp (N) Spider Nest (M) Slime Pits (O) Orcish Mines (E) Elven Halls (V) Vaults (C) Crypt (W) Tomb (U) Depths (H) Hell (I) Dis (G) Gehenna (X) Cocytus (Y) Tartarus (Z) Zot
Where to? (Enter - D:5, ? - help)
A sixfirhy comes into view.
(D) Dungeon (T) Temple (L) Lair (S) Swamp (N) Spider Nest (M) Slime Pits (O) Orcish Mines (E) Elven Halls (V) Vaults (C) Crypt (W) Tomb (U) Depths (H) Hell (I) Dis (G) Gehenna (X) Cocytus (Y) Tartarus (Z) Zot
Where to? (Enter - D:4, ? - help)
A sixfirhy is nearby!
Casting: Fire Storm (dangerous; 2% risk of failure)
Confirm with . or Enter, or press ? or * to list all spells.
Aiming: Fire Storm (dangerous; 2% risk of failure)
Press: ? - help, Dir - move target, f - sixfirhy
Aim: a sixfirhy (wandering, hasn't noticed you)
A raging storm of fire appears!
The great blast of fire engulfs the sixfirhy!!!!
You kill the sixfirhy!
Sif Muna accepts your kill. Malevolent energies surge around you.
(D) Dungeon (T) Temple (L) Lair (S) Swamp (N) Spider Nest (M) Slime Pits (O) Orcish Mines (E) Elven Halls (V) Vaults (C) Crypt (W) Tomb (U) Depths (H) Hell (I) Dis (G) Gehenna (X) Cocytus (Y) Tartarus (Z) Zot
Where to? (Enter - D:4, ? - help) Some rock shatters into small pieces.
You hear a grinding noise.
Magic restored.
There is a stone staircase leading up here.
You fly upwards.
There is a stone staircase leading down here.
(D) Dungeon (T) Temple (L) Lair (S) Swamp (N) Spider Nest (M) Slime Pits (O) Orcish Mines (E) Elven Halls (V) Vaults (C) Crypt (W) Tomb (U) Depths (H) Hell (I) Dis (G) Gehenna (X) Cocytus (Y) Tartarus (Z) Zot
Where to? (Enter - D:4, ? - help)
A balrug and 2 sun demons come into view.
The balrug is wielding a +2 demon whip of electrocution.
Casting: Fire Storm (dangerous; 2% risk of failure)
Confirm with . or Enter, or press ? or * to list all spells.
Aiming: Fire Storm (dangerous; 2% risk of failure)
Press: ? - help, Dir - move target A raging storm of fire appears!
The great blast of fire engulfs the sun demon!!
The sun demon partially resists.
The sun demon is heavily wounded.
The great blast of fire engulfs the sun demon!!!
The sun demon partially resists.
The sun demon is severely wounded.
Malevolent energies surge around you.
Your fire vortex closely misses the sun demon.
The sun demon hits your fire vortex!
Your fire vortex is engulfed in flames.
Your fire vortex completely resists.
The sun demon hits your fire vortex.
Your fire vortex is engulfed in flames.
Your fire vortex completely resists.
The balrug hits your fire vortex with a +2 demon whip of electrocution!
Your fire vortex is engulfed in flames.
Your fire vortex completely resists.
The sun demon closely misses your fire vortex.
Your fire vortex hits the balrug.
Your fire vortex dissipates!
The sun demon hits your fire vortex!
Your fire vortex is engulfed in flames.
Your fire vortex completely resists.
Casting: Fire Storm (dangerous; 2% risk of failure)
Confirm with . or Enter, or press ? or * to list all spells.
Aiming: Fire Storm (dangerous; 2% risk of failure)
Press: ? - help, Dir - move target A raging storm of fire appears!
The great blast of fire engulfs the balrug!!
The balrug partially resists.
The balrug is heavily wounded.
The great blast of fire engulfs the sun demon!!!
The sun demon partially resists.
You kill the sun demon!
Sif Muna accepts your kill. Malevolent energies surge around you.
The balrug gestures at you.
The sticky flame hits you but does no damage.
Your icy defenses dissipate!
You resist.
You are covered in liquid flames!
You are covered in liquid flames!
The balrug hits your fire vortex with a +2 demon whip of electrocution.
Your fire vortex is engulfed in flames.
Your fire vortex completely resists.
Your fire vortex barely misses the sun demon.
Your fire vortex completely misses the balrug.
You are covered in liquid flames!
You are no longer on fire.
The balrug hits your fire vortex with a +2 demon whip of electrocution!!
Your fire vortex is engulfed in flames.
Your fire vortex completely resists.
The sun demon hits your fire vortex.
Your fire vortex dissipates!
The balrug hits your fire vortex with a +2 demon whip of electrocution!!
Your fire vortex dissipates!
The sun demon hits your fire vortex!!
Your fire vortex dissipates!
The balrug gestures at you. Something smites you!
You see here a +0 hand axe.
The balrug hits your fire vortex with a +2 demon whip of electrocution!!
Your fire vortex is engulfed in flames.
Your fire vortex completely resists.
There is a stone staircase leading up, spattered with blood here.
You fly upwards.
There is a stone staircase leading down here.
(D) Dungeon (T) Temple (L) Lair (S) Swamp (N) Spider Nest (M) Slime Pits (O) Orcish Mines (E) Elven Halls (V) Vaults (C) Crypt (W) Tomb (U) Depths (H) Hell (I) Dis (G) Gehenna (X) Cocytus (Y) Tartarus (Z) Zot
Where to? (Enter - D:3, ? - help)
Things that are here:
a +0 leather armour; a +0 dagger; an orc skeleton A cacodemon, an orange demon and 2 sixfirhies come into view.
(D) Dungeon (T) Temple (L) Lair (S) Swamp (N) Spider Nest (M) Slime Pits (O) Orcish Mines (E) Elven Halls (V) Vaults (C) Crypt (W) Tomb (U) Depths (H) Hell (I) Dis (G) Gehenna (X) Cocytus (Y) Tartarus (Z) Zot
Where to? (Enter - D:2, ? - help)
There are monsters nearby!
Casting: Fire Storm (dangerous; 2% risk of failure)
Confirm with . or Enter, or press ? or * to list all spells.
The dungeon rumbles!
You kill the orange demon!
Sif Muna accepts your kill.
The cacodemon is lightly wounded.
You kill the sixfirhy!
Sif Muna accepts your kill.
You kill the sixfirhy!
Sif Muna accepts your kill.
Ka-crash!
Malevolent energies surge around you.
The crystal spear hits the cacodemon!!!!
You kill the cacodemon!
Sif Muna accepts your kill. Malevolent energies surge around you.
(D) Dungeon (T) Temple (L) Lair (S) Swamp (N) Spider Nest (M) Slime Pits (O) Orcish Mines (E) Elven Halls (V) Vaults (C) Crypt (W) Tomb (U) Depths (H) Hell (I) Dis (G) Gehenna (X) Cocytus (Y) Tartarus (Z) Zot
Where to? (Enter - D:2, ? - help)
Your icy envelope is restored.
There is a stone staircase leading up here.
You fly upwards.
There is a stone staircase leading down here.
(D) Dungeon (T) Temple (L) Lair (S) Swamp (N) Spider Nest (M) Slime Pits (O) Orcish Mines (E) Elven Halls (V) Vaults (C) Crypt (W) Tomb (U) Depths (H) Hell (I) Dis (G) Gehenna (X) Cocytus (Y) Tartarus (Z) Zot
Where to? (Enter - D:2, ? - help) Magic restored.
A red devil comes into view. It is wielding a +0 trident.
You can't see any susceptible monsters within range! (Use Z to cast anyway.)
The crystal spear hits the red devil!!!
You kill the red devil!
Sif Muna accepts your kill. Malevolent energies surge around you.
(D) Dungeon (T) Temple (L) Lair (S) Swamp (N) Spider Nest (M) Slime Pits (O) Orcish Mines (E) Elven Halls (V) Vaults (C) Crypt (W) Tomb (U) Depths (H) Hell (I) Dis (G) Gehenna (X) Cocytus (Y) Tartarus (Z) Zot
Where to? (Enter - D:1, ? - help)
An Ice Fiend comes into view.
The Ice Fiend calls on the powers of darkness!
Your body is wracked with pain!
There is a stone staircase leading up here.
The crystal spear hits the Ice Fiend!!!!
The Ice Fiend is almost dead.
Malevolent energies surge around you. The Ice Fiend gestures at you.
The bolt of cold hits you. You resist.
The crystal spear hits the Ice Fiend!!!!
You kill the Ice Fiend!
Sif Muna accepts your kill. Malevolent energies surge around you.
A daeva comes into view.
It is wielding a +2 scimitar of holy wrath.
You can't go up here!
There is a stone staircase leading up here.
You fly upwards.
There is a stone staircase leading down here.
A cacodemon comes into view.
Casting: Lehudib's Crystal Spear (mildly dangerous; 1% risk of failure)
Confirm with . or Enter, or press ? or * to list all spells.
Aiming: Fire Storm (dangerous; 2% risk of failure)
Press: ? - help, Dir - move target A raging storm of fire appears!
The great blast of fire engulfs the cacodemon!!!!
The cacodemon is almost dead.
Malevolent energies surge around you.
Casting: Fire Storm (dangerous; 2% risk of failure)
Confirm with . or Enter, or press ? or * to list all spells.
Aiming: Fire Storm (dangerous; 2% risk of failure)
Press: ? - help, Dir - move target A raging storm of fire appears!
The great blast of fire engulfs the cacodemon!!!!
You kill the cacodemon!
Sif Muna accepts your kill. Malevolent energies surge around you.
(D) Dungeon (T) Temple (L) Lair (S) Swamp (N) Spider Nest (M) Slime Pits (O) Orcish Mines (E) Elven Halls (V) Vaults (C) Crypt (W) Tomb (U) Depths (H) Hell (I) Dis (G) Gehenna (X) Cocytus (Y) Tartarus (Z) Zot
Where to? (Enter - D:1 @ (x,y), ? - help)
Okay, then.
Unknown command.
Your fire vortex hits something.
Your fire vortex burns something!
Your fire vortex dissipates!
A sixfirhy comes into view.
Your fire vortex hits the sixfirhy.
Your fire vortex burns the sixfirhy!
Your fire vortex dissipates!
You can't go up here!
Unknown command.
Casting: Fire Storm (dangerous; 1% risk of failure)
Confirm with . or Enter, or press ? or * to list all spells.
Aiming: Fire Storm (dangerous; 1% risk of failure)
Press: ? - help, Dir - move target, f - sixfirhy
Aim: a sixfirhy (almost dead, ally target)
A raging storm of fire appears!
The great blast of fire engulfs the sixfirhy!!!!
You kill the sixfirhy!
Sif Muna accepts your kill. Malevolent energies surge around you.
You reach down and open the door.
There is an open door here.
There is a staircase leading out of the dungeon here.
You have escaped!

#### #............#....# ...#
#.......†....#....# ...#
#...........##....#
...###########...........##....##
...............................'.
############.......########....##
#.+++'++.........#####
#.+....+...#####.#.... #########
#.+..@.+.......#.#....
........####.+....+.#####.#.#....
.............+....+(....#.#.#....
..........##.'++'++.###.#.#.#....
..........##.#......# #.#.#.#....
..........##.#......###.#.#......
..........##.#.##..v....#.#######
..##......##...............#
..##......#######..........# ####


There were no monsters in sight!

Vanquished Creatures
  Cerebov (Pan)
  Asmodeus (Geh:7)
  Antaeus (Coc:7)
  the Royal Jelly (Slime:5)
  the Serpent of Hell (Dis:7)
  Ereshkigal (Tar:7)
  Gloorx Vloq (Pan)
  Lom Lobon (Pan)
  Mnoleg (Pan)
  A seraph (Pan)
  5 dread liches
  Dispater (Dis:7)
  Khufu (Tomb:3)
  9 ancient liches
  Mennas (Pan)
  2 orbs of fire (Zot:5)
  Sojobo (Depths:4)
  24 royal mummies
  Boris (Vaults:3)
  6 Killer Klowns
  26 caustic shrikes
  20 shard shrikes
  2 curse toes
  5 profane servitors
  2 pandemonium lords
  Geryon (Hell)
  Nikola (Spider:1)
  4 golden dragons
  9 Tzitzimimeh
  4 iron giants
  8 bone dragons
  7 Brimstone Fiends
  4 doom hounds
  2 electric golems (Zot:5)
  2 hellephants
  17 Hell Sentinels
  21 Orb Guardians
  13 Ice Fiends
  12 tainted leviathans
  A moon troll (WizLab)
  10 searing wretches
  12 liches
  Asterion (Spider:1)
  A walking divine tome (Depths:4)
  10 titans
  7 tentacled monstrosities
  3 deep elf blademasters (Elf:3)
  8 quicksilver dragons
  10 acid blobs
  26 Executioners
  4 deep elf master archers (Elf:3)
  3 walking frostbound tomes
  15 tentacled starspawn
  33 ancient champions
  Kirke (D:12)
  6 death cobs
  9 tengu reavers
  The ghost of retardedninja the Severer, an adept HOFi of Gozag (Swamp:4)
  6 sphinxes
  3 demonspawn warmongers (Pan)
  13 storm dragons
  Donald (Spider:1)
  3 thorn hunters
  4 revenants
  4 narguns
  10 shadow dragons
  4 draconian monks
  10 frost giants
  Roxanne (Spider:4)
  12 fire giants
  6 draconian knights
  3 daevas
  11 azure jellies
  8 rockslimes
  2 emperor scorpions
  The ghost of Lobster4 the Cloud Mage, an adept TeAE of Vehumet (Spider:3)
  4 iron dragons
  5 deep elf sorcerers
  9 quicksilver elementals
  18 balrugs
  5 shard shrike simulacra
  9 ghost moths
  9 vault wardens
  2 draconian scorchers (Zot:4)
  6 curse skulls
  Louise (Elf:2)
  3 draconian stormcallers (Zot:1)
  4 deep elf elementalists (Elf:3)
  4 draconian shifters
  5 angels
  2 orc warlords (Vaults:4)
  3 draconian annihilators
  11 cacodemons
  2 broodmothers
  A spriggan defender (Depths:2)
  5 demonspawn corrupters (Pan)
  2 ironbound thunderhulks
  2 caustic shrike zombies (Tomb:3)
  2 demonspawn blood saints (Pan)
  14 ironbound preservers
  8 quicksilver oozes
  11 very ugly things
  6 ophanim (Pan)
  6 bennus
  A caustic shrike skeleton (Pan)
  4 vampire knights
  16 war gargoyles
  A stone giant (shapeshifter) (D:14)
  2 juggernaut skeletons (Pan)
  2 apis (Pan)
  11 reapers
  5 eleionomae
  15 stone giants
  10 deep elf annihilators
  A demonspawn black sun (Pan)
  6 black draconians
  An eleionoma (shapeshifter) (Vaults:5)
  22 elemental wellsprings
  4 bunyips
  9 white draconians
  Azrael (D:13)
  8 green draconians
  6 putrid mouths
  7 purple draconians
  A spectral titan (Tar:1)
  11 lorocyprocas
  9 wendigos
  5 spark wasps
  3 crystal guardians
  14 dire elephants
  Snorg (D:13)
  7 iron golems
  11 yellow draconians
  5 red draconians
  11 ettins
  An ettin (shapeshifter) (Vaults:5)
  7 blizzard demons
  8 deep elf death magi
  13 eidola
  A jiangshi (Crypt:1)
  A merfolk javelineer (Depths:2)
  17 mummy priests
  3 fire dragons
  9 green deaths
  7 deep elf high priests
  12 great orbs of eyes
  A spectral golden dragon (Tar:1)
  Josephine (Orc:1)
  16 ice dragons
  16 yaktaur captains
  A spectral iron giant (Tar:2)
  2 peacekeepers (Vaults:3)
  A spectral fenstrider witch (Tar:2)
  8 entropy weavers
  A shambling mangrove (Swamp:1)
  5 rakshasas
  2 hell beasts
  Fannar (D:12)
  28 vault guards
  8 caustic shrike simulacra
  A salamander tyrant (Geh:6)
  2 catoblepae
  17 hydras
  A spriggan zombie (Tomb:1)
  2 ogre magi (Vaults:5)
  3 ghost crabs (Swamp:4)
  7 ironbound frosthearts
  A juggernaut simulacrum (Coc:3)
  14 boulder beetles
  A spectral stone giant (Crypt:3)
  3 jorogumos (Spider:4)
  7 stokers
  23 centaur warriors
  5 spriggan skeletons
  3 spriggan air magi
  3 death knights
  4 two-headed ogres (Vaults:5)
  2 radroaches (Spider:3)
  6 deep troll shamans
  12 alligators
  31 dancing weapons
  9 tengu warriors
  20 hell hogs
  5 vampire magi
  6 death yaks (Lair:3)
  8 deep troll earth magi
  8 hell knights
  81 death scarabs (Tomb:3)
  5 orc high priests
  A spectral emperor scorpion (Spider:3)
  30 soul eaters
  A spectral dire elephant (Tar:2)
  3 shock serpents (Pan)
  A storm dragon zombie (Crypt:1)
  4 thrashing horrors (Abyss:2)
  35 deep elf knights
  5 wretched stars
  3 crystal echidnas
  Sonja (Lair:1)
  21 sixfirhies
  4 spriggan berserkers
  32 sun demons
  A spectral bunyip (Swamp:4)
  6 iron trolls
  Lodul (D:11)
  3 titan skeletons (Pan)
  35 skeletal warriors
  A spectral spark wasp (Spider:3)
  4 spectral spriggans
  An orange crystal statue (WizLab)
  6 sun moths
  A bunyip zombie (Crypt:3)
  An anaconda zombie (Hell)
  A pharaoh ant (Spider:4)
  34 shadow wraiths
  10 goliath frogs
  6 steelbarb worms
  5 cherubim (Pan)
  A death drake (Swamp:4)
  A spectral ghost moth (Spider:3)
  2 swamp dragons
  11 flayed ghosts
  2 quicksilver dragon simulacra (Coc:7)
  A spectral broodmother (Spider:3)
  45 deep trolls
  16 orb spiders
  7 glowing orange brains
  10 bog bodies
  29 phantasmal warriors
  A spectral iron dragon (Tar:2)
  13 deep elf archers
  5 spectral hydras
  21 ironbound convokers
  3 spriggan druids
  45 starcursed masses
  12 wizards
  A fenstrider witch simulacrum (Coc:1)
  13 lindwurms
  5 harpies
  An anaconda skeleton (Crypt:3)
  An obsidian statue (Zot:5)
  A spectral jorogumo (Spider:3)
  5 spriggan simulacra
  3 shadow demons (Pan)
  7 necromancers
  40 deep elf zephyrmancers
  An iron dragon zombie (Crypt:1)
  10 orc knights
  39 deep elf pyromancers
  8 shining eyes
  A glowing shapeshifter (D:14)
  6 manticores
  13 wolf spiders
  7 cyclopes
  A spectral radroach (Spider:3)
  3 will-o-the-wisps
  41 ugly things
  A stone giant zombie (Abyss:1)
  10 elephants
  An oklob plant (Spider:3)
  2 orc sorcerers (Orc:2)
  A shadow dragon skeleton (Pan)
  A manticore (shapeshifter) (Depths:2)
  A salamander (Abyss:1)
  A spectral centaur (Tar:2)
  2 worldbinders
  22 moths of wrath
  Maurice (D:11)
  10 rust devils
  18 vault sentinels
  A naga zombie (Abyss:2)
  3 guardian serpents
  An iron dragon skeleton (Pan)
  4 black mambas
  A stone giant skeleton (Pan)
  4 titan simulacra
  2 apocalypse crabs
  9 eyes of devastation
  A gargoyle (D:11)
  A black mamba (shapeshifter) (D:14)
  10 torpor snails
  A storm dragon simulacrum (Coc:1)
  A naga mage (Abyss:2)
  A frost giant skeleton (Crypt:1)
  11 orange demons
  A yaktaur zombie (Vaults:3)
  20 smoke demons
  2 bunyip simulacra
  23 hellions
  A dire elephant skeleton (Pan)
  8 cane toads
  5 kobold demonologists
  4 unseen horrors
  24 demonic crawlers
  12 freezing wraiths
  4 anaconda simulacra
  3 rime drakes
  12 tormentors
  An alligator snapping turtle skeleton (Crypt:2)
  7 komodo dragons
  6 swamp worm zombies (Swamp:4)
  4 efreet
  A ghost moth simulacrum (Spider:3)
  A spectral death drake (Swamp:4)
  39 yaktaurs
  38 guardian mummies
  An iron giant simulacrum (Coc:1)
  A spectral naga (Tar:2)
  2 tengu conjurers
  3 ancient zymes (Abyss:1)
  8 ice devils
  15 hellwings
  A red draconian skeleton (Crypt:3)
  14 tyrant leeches
  3 spectral harpies
  12 polar bears
  A golden dragon simulacrum (Coc:7)
  11 meliai
  A yaktaur skeleton (Vaults:3)
  3 red devils
  3 bloated husks
  A sea snake skeleton (Hell)
  4 hydra zombies (Swamp:4)
  A death drake zombie (Crypt:3)
  8 trolls
  A hydra skeleton (Pan)
  8 raiju
  14 hornets
  84 slime creatures
  4 iron dragon simulacra
  4 alligator zombies (Swamp:4)
  34 tarantellas
  A jorogumo simulacrum (Spider:3)
  A snapping turtle (shapeshifter) (Vaults:5)
  4 harpy skeletons
  An ettin zombie (Tomb:2)
  23 blink frogs
  A stone giant simulacrum (Tomb:3)
  2 spectral swamp dragons (Swamp:4)
  A dream sheep (shapeshifter) (Vaults:5)
  A raiju (shapeshifter) (Abyss:2)
  23 flying skulls
  20 culicivoras
  3 dire elephant simulacra
  45 large abominations
  7 shadows (Crypt:3)
  2 air elementals
  A jumping spider (shapeshifter) (Vaults:5)
  A guardian serpent skeleton (Crypt:2)
  3 culicivoras (shapeshifter) (Vaults:5)
  19 jumping spiders
  A centaur simulacrum (Crypt:1)
  11 ynoxinuls
  A deep troll skeleton (Vaults:3)
  4 hogs (D:12)
  5 ushabtiu
  13 spriggans
  75 yaks
  A fire bat (shapeshifter) (D:14)
  4 basilisks
  4 wyverns
  10 water elementals
  An ice dragon skeleton (Crypt:3)
  2 humans (Zot:3)
  7 fire bats
  3 naga simulacra
  A black mamba skeleton (Crypt:1)
  11 vampire mosquitoes
  21 wraiths
  A fire dragon skeleton (Pan)
  6 fire elementals
  2 vampires
  Grum (D:10)
  48 redbacks
  19 neqoxecs
  3 steam dragons
  10 golden eyes
  11 chaos spawn
  2 nagas (Abyss:2)
  11 harpy simulacra
  10 wargs
  16 swamp worms
  6 acid dragons (Spider:3)
  2 hydra simulacra
  A death drake simulacrum (Swamp:4)
  18 hell hounds
  12 water moccasins
  A floating eye (Depths:4)
  2 naga skeletons
  5 nameless horrors
  2 swamp drakes
  A radroach simulacrum (Spider:3)
  28 orc warriors
  14 black bears
  An ice beast (D:6)
  A sky beast (D:6)
  3 swamp dragon zombies (Swamp:4)
  35 wolves
  26 centaurs
  15 ogres
  A boggart (Vaults:1)
  An ettin simulacrum (Coc:1)
  A swamp dragon skeleton (Tomb:2)
  8 phantoms
  9 small abominations
  2 kobold brigands (D:11)
  A necrophage (D:6)
  A rime drake skeleton (Crypt:2)
  16 bullfrogs
  3 earth elementals
  3 gnoll sergeants
  4 scorpions
  3 electric eels
  A crimson imp (Abyss:2)
  3 quasits (Abyss:2)
  A wolf skeleton (Crypt:3)
  2 jellies
  2 hounds
  4 iron imps
  34 orc priests
  Jessica (D:2)
  4 iguanas
  A black bear skeleton (Crypt:2)
  31 orc wizards
  5 hell rats (Lair:4)
  A spectral swamp drake (Swamp:4)
  24 mummies
  A swamp drake zombie (Swamp:4)
  9 adders
  11 gnolls
  A shadow imp (D:7)
  2 white imps
  2 worms (D:2)
  A dart slug (D:4)
  93 orcs
  5 ball pythons
  A bat skeleton (Crypt:2)
  6 endoplasms
  A giant cockroach (D:1)
  9 hobgoblins
  6 jackals
  4 quokkas
  5 bats
  A frilled lizard (D:1)
  14 goblins
  A jackal skeleton (Crypt:2)
  8 kobolds
  6 rats
  A river rat skeleton (Crypt:3)
  5 ball lightnings (Pan)
  2 briar patches (Swamp:2)
  2 creeping infernos
  2 fire vortices
  A lurking horror (Abyss:1)
  9 plants (Zot:5)
  14 starspawn tentacles
3619 creatures vanquished.

Vanquished Creatures (collateral kills)
  2 pandemonium lords (Pan)
  A juggernaut (Dis:7)
  2 royal mummies
  2 shard shrikes (Coc:6)
  2 Killer Klowns
  8 caustic shrikes
  A curse toe (Zot:4)
  A profane servitor (Abyss:2)
  2 bone dragons
  2 iron giants
  2 Tzitzimimeh (Tar:4)
  2 doom hounds (Tar:3)
  4 hellephants
  3 Brimstone Fiends
  An Ice Fiend (Coc:7)
  4 tentacled monstrosities
  A Hell Sentinel (Dis:7)
  A spectral shard shrike (Tar:3)
  4 tainted leviathans
  5 Orb Guardians (Zot:5)
  3 titans (Coc:7)
  2 quicksilver dragons
  12 searing wretches
  4 acid blobs
  5 Executioners (Pan)
  2 tentacled starspawn (Abyss:2)
  9 ancient champions
  2 death cobs
  2 shadow dragons (Zot:5)
  2 daevas (Pan)
  A vault warden (Vaults:5)
  A nargun (Coc:7)
  2 demonspawn warmongers (Pan)
  5 fire giants
  4 quicksilver elementals
  A deep elf sorcerer (Abyss:3)
  6 frost giants
  3 iron dragons
  A draconian shifter (Zot:4)
  A cacodemon (Pan)
  2 shard shrike simulacra
  13 balrugs
  A quicksilver ooze (Slime:5)
  A draconian annihilator (Pan)
  3 ironbound preservers (Vaults:5)
  3 reapers
  An angel (Pan)
  3 very ugly things
  2 ophanim (Pan)
  8 war gargoyles
  An elemental wellspring (Coc:7)
  2 apis (Pan)
  3 green draconians
  2 putrid mouths
  A white draconian (Zot:5)
  A purple draconian (Zot:3)
  2 black draconians
  A deep elf annihilator (Vaults:5)
  A dire elephant (Zot:3)
  A red draconian (Zot:4)
  A yellow draconian (Zot:4)
  A wendigo (Coc:7)
  A blizzard demon (Hell)
  5 iron golems
  A jiangshi (Crypt:2)
  A rakshasa (Pan)
  4 great orbs of eyes
  A salamander tyrant (Geh:4)
  3 spriggan skeletons
  A ghost crab (Swamp:4)
  2 hell beasts (Geh:2)
  6 juggernaut simulacra
  2 caustic shrike simulacra
  3 stokers
  A two-headed ogre (Vaults:5)
  A spectral stone giant (Crypt:3)
  An Orb Guardian skeleton (Crypt:2)
  A thrashing horror (Abyss:2)
  26 hell hogs
  7 dancing weapons (Dis:7)
  6 soul eaters
  3 crystal echidnas
  2 wretched stars (Abyss:2)
  4 skeletal warriors (Crypt:1)
  11 sun demons
  4 sixfirhies
  3 cherubim (Pan)
  A deep troll (Vaults:5)
  A spectral iron dragon (Tar:1)
  A shadow demon (Geh:2)
  8 starcursed masses (Abyss:2)
  5 phantasmal warriors
  An ironbound convoker (Vaults:5)
  An ugly thing (Abyss:2)
  A broodmother zombie (Crypt:1)
  A shock serpent zombie (Crypt:3)
  A titan simulacrum (Coc:4)
  An elephant (Zot:3)
  4 moths of wrath
  7 smoke demons
  A guardian serpent (shapeshifter) (Vaults:5)
  3 rust devils (Hell)
  A naga zombie (Crypt:1)
  19 large abominations
  4 orange demons
  An emperor scorpion simulacrum (Crypt:1)
  A sea snake zombie (Hell)
  A minotaur zombie (Crypt:1)
  3 hellions
  A freezing wraith (Crypt:1)
  A yaktaur (Vaults:5)
  2 ice devils (Hell)
  7 tormentors
  3 hellwings (Pan)
  A hydra zombie (Hell)
  A black draconian skeleton (Crypt:1)
  A merfolk (shapeshifter) (Vaults:5)
  A white draconian skeleton (Crypt:1)
  2 ancient zymes
  An iron giant simulacrum (Coc:7)
  2 sea snake skeletons (Hell)
  12 raiju
  An iron dragon simulacrum (Coc:7)
  4 slime creatures
  A flying skull (Abyss:2)
  4 shadows (Crypt:3)
  2 water elementals (Hell)
  An air elemental (Elf:3)
  A naga simulacrum (Coc:6)
  2 ynoxinuls
  4 dire elephant simulacra
  6 humans (Zot:3)
  A wraith (Crypt:3)
  A black mamba skeleton (Pan)
  2 golden eyes
  A neqoxec (Abyss:2)
  2 chaos spawn (Pan)
  A harpy simulacrum (Coc:6)
  4 hell hounds
  7 small abominations
  An orc warrior (Bailey)
  3 ettin simulacra
  A hog zombie (Crypt:1)
  A blink frog skeleton (Crypt:2)
  A bullfrog zombie (Crypt:2)
  A crimson imp (Abyss:2)
  A black bear zombie (Crypt:3)
  4 hell rats (Hell)
  A hound skeleton (Crypt:2)
  A white imp (Abyss:2)
  2 orcs (Bailey)
  An orc skeleton (Crypt:3)
  2 creeping infernos
  18 fire vortices
  A lurking horror (Abyss:2)
  2 starspawn tentacles (Abyss:2)
460 creatures vanquished.

Vanquished Creatures (others)
  An eldritch tentacle (Pan)
  A balrug (Pan)
  A draconian annihilator (Pan)
  A rakshasa (Depths:1)
  A caustic shrike simulacrum (Coc:3)
  A juggernaut simulacrum (Coc:3)
  A deep elf pyromancer (Elf:1)
  A wolf spider (Spider:1)
  A titan simulacrum (Coc:3)
  2 komodo dragons (Lair:3)
  A bloated husk (Swamp:4)
  A fire bat (Depths:4)
  2 humans (D:12)
  A neqoxec (Pan)
  A chaos spawn (Abyss:3)
  2 large abominations (Abyss:1)
  A ball lightning (Pan)
  8 demonic plants
  587 fire vortices
  9 foxfires
  45 fungi
  A lurking horror (Abyss:2)
  74 plants
  28 starspawn tentacles
772 creatures vanquished.

Grand Total: 4851 creatures vanquished

Notes
Turn   | Place    | Note
-------+----------+-------------------------------------------
     0 | D:1      | sleeves the Demonspawn Earth Elementalist began the quest
                  | for the Orb.
     0 | D:1      | Reached XP level 1. HP: 13/13 MP: 3/3
   157 | D:1      | Reached skill level 3 in Earth Magic
   269 | D:1      | Gained mutation: A meltable shield of frost defends you.
                  | (SH +4) [demonic ancestry]
   269 | D:1      | Reached XP level 2. HP: 19/19 MP: 1/5
  1104 | D:2      | Noticed Jessica
  1116 | D:2      | Gained mutation: You have an unusually large brain. (Int
                  | +2) [demonic ancestry]
  1116 | D:2      | Reached XP level 3. HP: 24/24 MP: 4/6
  1118 | D:2      | Killed Jessica
  1119 | D:2      | Reached skill level 4 in Earth Magic
  1374 | D:2      | Found a faded altar of an unknown god.
  1480 | D:2      | Reached XP level 4. HP: 30/30 MP: 5/7
  1582 | D:2      | Learned a level 3 spell: Stone Arrow
  1789 | D:2      | Found a bloodstained altar of Trog.
  1935 | D:3      | You fall into a shaft and drop 2 floors!
  1935 | D:5      | Entered Level 5 of the Dungeon
  1957 | D:5      | Noticed a scorpion
  2058 | D:5      | Noticed an ogre
  2067 | D:5      | Killed an ogre
  2068 | D:5      | Reached skill level 2 in Conjurations
  2068 | D:5      | Reached skill level 5 in Earth Magic
  2068 | D:5      | Reached XP level 5. HP: 35/35 MP: 4/8
  2783 | D:3      | Gained mutation: You have a small tail. [demonic ancestry]
  2783 | D:3      | Reached XP level 6. HP: 36/41 MP: 3/9
  2842 | D:4      | HP: 16/41 [something/magic dart (5)]
  2846 | D:4      | Reached skill level 3 in Conjurations
  3259 | D:4      | Found a sparkling altar of Nemelex Xobeh.
  3563 | D:5      | Found a staircase to the Ecumenical Temple.
  3569 | D:5      | HP: 20/41 [orc priest/divine providence (10)]
  3691 | D:5      | Reached skill level 6 in Earth Magic
  3700 | Temple   | Entered the Ecumenical Temple
  3700 | Temple   | Found a transporter.
  3700 | Temple   | Found a transporter.
  3730 | Temple   | Found a transporter.
  3730 | Temple   | Found a transporter.
  3981 | D:5      | Reached skill level 4 in Conjurations
  4076 | D:5      | Gained mutation: You have a tail ending in a sharp stinger.
                  | [demonic ancestry]
  4076 | D:5      | Reached XP level 7. HP: 46/46 MP: 7/10
  4324 | D:6      | Reached skill level 5 in Conjurations
  4447 | D:6      | Reached skill level 7 in Earth Magic
  4565 | D:6      | Gained mutation: Spells you cast may paralyse adjacent
                  | enemies. [demonic ancestry]
  4565 | D:6      | Reached XP level 8. HP: 52/52 MP: 7/11
  4683 | D:6      | Reached skill level 6 in Conjurations
  5041 | D:6      | Found a shimmering altar of Xom.
  5042 | D:6      | Found a hide-covered altar of Uskayaw.
  5123 | D:6      | Found a blossoming altar of Fedhas.
  5123 | D:6      | Found an ancient bone altar of Kikubaaqudgha.
  5239 | D:6      | HP: 20/52 [orc warrior/+0 battleaxe (23)]
  5241 | D:6      | Reached skill level 7 in Conjurations
  5241 | D:6      | Reached skill level 8 in Earth Magic
  5824 | D:7      | Gained mutation: You have an extremely huge brain. (Int +4)
                  | [demonic ancestry]
  5824 | D:7      | Reached XP level 9. HP: 57/57 MP: 8/12
  6108 | D:7      | Reached skill level 8 in Conjurations
  6219 | D:7      | Reached skill level 9 in Earth Magic
  6530 | D:8      | HP: 28/57 [centaur/arrow (7)]
  6580 | D:8      | Found Tuoxaw's Jewellery Emporium.
  6756 | D:8      | Got the Anthology of Turbulent Allies
  6988 | D:8      | Found a bloodstained altar of Trog.
  7000 | D:8      | Found an ornate altar of the Wu Jian Council.
  7675 | D:9      | Found a staircase to the Lair.
  7793 | D:9      | Reached skill level 9 in Conjurations
  7851 | D:9      | Found a sacrificial altar of Ru.
  8269 | D:9      | Reached skill level 10 in Earth Magic
  8366 | D:9      | Found a staircase to the Orcish Mines.
  8379 | D:9      | Reached skill level 10 in Conjurations
  8379 | D:9      | Reached XP level 10. HP: 44/63 MP: 5/13
  8480 | D:9      | Found Vityngub's Antique Weapon Emporium.
  8491 | D:9      | Reached skill level 3 in Spellcasting
  8715 | D:9      | Found a hazy altar of Hepliaklqana.
  8776 | D:10     | Entered Level 10 of the Dungeon
  8815 | D:10     | Found a shimmering blue altar of Sif Muna.
  8823 | D:10     | Became a worshipper of Sif Muna the Loreminder
  8912 | D:10     | Reached skill level 4 in Spellcasting
  8921 | D:10     | Reached skill level 5 in Spellcasting
  9134 | D:10     | Found a flagged portal.
  9159 | Bailey   | Entered a bailey
  9314 | Bailey   | Reached skill level 6 in Spellcasting
  9624 | Bailey   | Reached * piety under Sif Muna
  9682 | Bailey   | HP: 30/63 [orc warrior/+0 glaive (14)]
  9703 | Bailey   | Reached skill level 7 in Spellcasting
  9969 | Bailey   | Reached skill level 8 in Spellcasting
 10400 | D:10     | Gained mutation: A meltable icy envelope protects you from
                  | harm. (AC +8) [demonic ancestry]
 10400 | D:10     | Reached XP level 11. HP: 43/68 MP: 16/23
 10414 | D:10     | Reached skill level 9 in Spellcasting
 10620 | D:10     | Noticed Grum
 10628 | D:10     | Killed Grum
 11220 | D:11     | Reached skill level 10 in Spellcasting
 11273 | D:11     | Noticed a boulder beetle
 11285 | D:11     | Killed a boulder beetle
 11286 | D:11     | Reached skill level 1 in Fighting
 11474 | D:11     | Reached skill level 2 in Fighting
 11531 | D:11     | Noticed Maurice
 11555 | D:11     | Killed Maurice
 11682 | D:11     | Found Nuts's Magic Scroll Shoppe.
 11830 | D:11     | Reached skill level 3 in Fighting
 11872 | D:11     | Noticed Lodul
 12071 | D:11     | Learned a level 5 spell: Fireball
 12202 | Lair:1   | Entered Level 1 of the Lair of Beasts
 12286 | Lair:1   | Reached ** piety under Sif Muna
 12287 | Lair:1   | Reached skill level 4 in Fighting
 12411 | Lair:1   | Identified the +1 kite shield "Yjeatane" {rN+++ Int-3 Dex-4
                  | Stlth+}
 12468 | Lair:1   | Reached skill level 11 in Conjurations
 12476 | Lair:1   | Reached skill level 1 in Fire Magic
 12489 | Lair:1   | Gained mutation: You have an absolutely massive brain. (Int
                  | +6, Wiz) [demonic ancestry]
 12489 | Lair:1   | Reached XP level 12. HP: 84/84 MP: 15/26
 12686 | Lair:1   | Reached skill level 11 in Earth Magic
 12700 | Lair:1   | Reached skill level 2 in Fire Magic
 12704 | Lair:1   | Reached skill level 5 in Fighting
 12716 | Lair:1   | Identified the +0 plate armour of Makhleb's Generosity
                  | {Dex+4}
 12758 | Lair:1   | Noticed a catoblepas
 12758 | Lair:1   | Noticed Sonja
 12778 | Lair:1   | Killed a catoblepas
 12867 | Lair:1   | Killed Sonja
 12886 | Lair:1   | Reached skill level 3 in Fire Magic
 13720 | Lair:2   | Reached skill level 6 in Fighting
 13873 | Lair:2   | Reached skill level 4 in Fire Magic
 13874 | Lair:2   | Reached *** piety under Sif Muna
 13947 | Lair:2   | Reached skill level 12 in Conjurations
 14136 | Lair:2   | Noticed a boulder beetle
 14148 | Lair:2   | Killed a boulder beetle
 14149 | Lair:2   | Reached skill level 5 in Fire Magic
 15234 | Lair:3   | Noticed a six-headed hydra
 15239 | Lair:3   | Killed a six-headed hydra
 15240 | Lair:3   | Reached skill level 6 in Fire Magic
 15544 | Lair:3   | Found a hole to the Spider Nest.
 15550 | Lair:3   | HP: 32/88 [culicivora (18)]
 15605 | Lair:3   | Reached XP level 13. HP: 93/93 MP: 10/27
 15763 | Lair:3   | Reached skill level 13 in Conjurations
 16070 | Lair:3   | Reached skill level 7 in Fire Magic
 16260 | Lair:3   | Found a staircase to the Swamp.
 16692 | Lair:3   | Found an ornate altar of the Wu Jian Council.
 18092 | Lair:4   | Reached skill level 8 in Fire Magic
 18132 | Lair:4   | Reached **** piety under Sif Muna
 18312 | Lair:4   | Reached skill level 14 in Conjurations
 18710 | Lair:4   | Found a viscous altar of Jiyva.
 18711 | Lair:4   | Found a staircase to the Slime Pits.
 19123 | Lair:5   | Entered Level 5 of the Lair of Beasts
 19611 | Lair:4   | Reached skill level 9 in Fire Magic
 19756 | Lair:5   | HP: 45/93 [poisoned by a black mamba]
 19761 | Lair:4   | HP: 38/93 [poisoned by a black mamba]
 19766 | Lair:4   | HP: 38/93 [poisoned by a black mamba]
 20254 | Lair:5   | Identified the +2 chain mail of Boudez Xoek {Will- SInv
                  | Stlth+}
 20317 | Lair:5   | Reached ***** piety under Sif Muna
 20353 | Lair:5   | HP: 38/93 [blink frog (13)]
 20358 | Lair:5   | HP: 38/93 [poisoned by a cane toad]
 20492 | Lair:5   | Received a gift from Sif Muna
 20768 | Lair:5   | Reached XP level 14. HP: 91/100 MP: 13/28
 20810 | Lair:5   | Reached skill level 15 in Conjurations
 21236 | Lair:5   | Reached skill level 10 in Fire Magic
 21735 | Lair:5   | HP: 35/101 [polar bear (24)]
 22740 | Lair:5   | Received a gift from Sif Muna
 22743 | Lair:5   | Reached skill level 7 in Fighting
 22743 | Lair:5   | Got Sif Muna's Almanac of Battling and the Tesseract {god
                  | gift}
 23308 | Orc:1    | Entered Level 1 of the Orcish Mines
 23318 | Orc:1    | Reached skill level 12 in Earth Magic
 23472 | D:9      | Learned a level 5 spell: Arcjolt
 23478 | D:9      | Learned a level 4 spell: Iskenderun's Mystic Blast
 23494 | Orc:1    | Noticed Josephine
 23619 | Orc:1    | Killed Josephine
 24007 | Orc:2    | Entered Level 2 of the Orcish Mines
 24786 | Orc:2    | Reached skill level 1 in Invocations
 25296 | Orc:2    | Reached skill level 2 in Invocations
 25434 | Orc:2    | Received a gift from Sif Muna
 25435 | Orc:2    | Got Sif Muna's Encyclopedia of Kinetic Combustion {god
                  | gift}
 25619 | Orc:2    | Learned a level 6 spell: Iron Shot
 25935 | Orc:2    | Reached skill level 8 in Fighting
 25935 | Orc:2    | Reached skill level 11 in Spellcasting
 26103 | Orc:2    | Reached skill level 3 in Invocations
 26264 | Orc:2    | Found a staircase to the Elven Halls.
 26265 | Orc:2    | Found an iron altar of Okawaru.
 26303 | Orc:2    | Found Yseot's Weapon Boutique.
 26303 | Orc:2    | Found Eleuf's Magic Scroll Shop.
 26304 | Orc:2    | Found Kuot's Antique Weapon Shop.
 26308 | Orc:2    | Found Exiynn Kiza's Book Boutique.
 26314 | Orc:2    | Bought a scroll of blinking for 105 gold pieces
 26314 | Orc:2    | Bought a scroll of teleportation for 42 gold pieces
 26521 | D:11     | Killed Lodul
 27222 | D:12     | Identified the +0 chain mail "Serood" {*Slow rElec SInv
                  | Stlth+}
 27412 | D:12     | Noticed Kirke
 27418 | D:12     | Reached skill level 13 in Earth Magic
 27420 | D:12     | Noticed Fannar
 27421 | D:12     | Killed Kirke
 27422 | D:12     | Reached skill level 4 in Invocations
 27426 | D:12     | Killed Fannar
 28628 | D:13     | HP: 45/106 [??? (43)]
 28741 | D:12     | HP: 29/106 [death knight/+4 morningstar of protection (27)]
 28896 | D:13     | Reached skill level 5 in Invocations
 29037 | D:13     | Gained mutation: A meltable icy envelope protects you from
                  | harm. (AC +8) [demonic ancestry]
 29037 | D:13     | Reached XP level 15. HP: 112/112 MP: 18/30
 29953 | D:13     | Noticed Snorg
 29957 | D:13     | Killed Snorg
 30072 | D:13     | Reached skill level 9 in Fighting
 30072 | D:13     | Reached skill level 6 in Invocations
 30457 | D:13     | Found a gate to the Vaults.
 30712 | D:13     | Noticed Azrael
 30999 | D:14     | Found Fiat's General Store.
 31318 | D:14     | Reached skill level 14 in Earth Magic
 31595 | D:14     | Found a runed translucent door.
 31597 | D:14     | Received a gift from Sif Muna
 31599 | D:14     | Noticed a tengu reaver
 31603 | D:14     | Reached skill level 7 in Invocations
 31970 | D:14     | Found a runed translucent door.
 31992 | D:15     | Entered Level 15 of the Dungeon
 32003 | D:15     | Noticed Nessos
 32167 | D:15     | HP: 54/114 [poisoned by Nessos]
 32168 | D:14     | HP: 22/114 [poisoned by Nessos]
 32269 | D:13     | Killed Azrael
 32736 | D:15     | Reached skill level 12 in Spellcasting
 33517 | D:15     | Found an opulent altar of Gozag.
 33808 | D:15     | Reached skill level 8 in Invocations
 34202 | D:15     | Nessos changed into Nessos the yak
 34202 | D:15     | Noticed Nessos
 34204 | D:15     | Killed Nessos the yak
 34487 | D:15     | Found a staircase to the Depths.
 34487 | D:15     | Noticed a frost giant
 34492 | D:15     | Reached skill level 10 in Fighting
 34494 | D:15     | Killed a frost giant
 35020 | D:8      | Bought the ring "Hegryimp" {*Corrode Fly rElec rPois rN+}
                  | for 411 gold pieces
 35082 | D:9      | Bought a fine flail for 204 gold pieces
 35082 | D:9      | Identified the +10 flail of Wealth {venom, Will++ Int+4
                  | Stlth+} (You bought it in a shop on level 9 of the Dungeon)
 35259 | Spider:1 | Entered Level 1 of the Spider Nest
 35647 | Spider:1 | Reached skill level 15 in Earth Magic
 35647 | Spider:1 | Reached skill level 9 in Invocations
 35965 | Spider:1 | Received a gift from Sif Muna
 36426 | Spider:1 | Got Sif Muna's Discursus on Red-Hot Shaping {god gift}
 36834 | Spider:1 | Reached XP level 16. HP: 113/122 MP: 3/32
 36971 | Spider:1 | Reached skill level 10 in Invocations
 37041 | Spider:1 | Noticed Donald
 37055 | Spider:1 | Killed Donald
 37150 | Spider:1 | Reached skill level 13 in Spellcasting
 37263 | Spider:1 | Noticed Asterion
 37286 | Spider:1 | Learned a level 7 spell: Orb of Destruction
 37293 | Spider:1 | Killed Asterion
 37639 | Spider:1 | Noticed Nikola
 37660 | Spider:1 | Killed Nikola
 39280 | Spider:2 | Reached skill level 14 in Spellcasting
 41482 | Spider:3 | HP: 60/122 [burnt (6)]
 41487 | Spider:3 | Reached skill level 15 in Spellcasting
 42087 | Spider:3 | Noticed an acid blob
 42094 | Spider:3 | Killed an acid blob
 42194 | Spider:3 | Identified the +8 falchion of Hegaiz {spect, *Slow rPois
                  | rF++ rN+}
 42273 | Spider:3 | Received a gift from Sif Muna
 42499 | Spider:3 | Reached skill level 11 in Fire Magic
 43270 | Spider:3 | Found a runed translucent gate.
 43270 | Spider:3 | Found a runed translucent gate.
 43271 | Spider:3 | Found a runed translucent gate.
 43273 | Spider:3 | Noticed Lobster4's ghost (adept TeAE)
 43293 | Spider:4 | Entered Level 4 of the Spider Nest
 44377 | Spider:4 | Reached skill level 12 in Fire Magic
 45241 | Spider:4 | Reached XP level 17. HP: 128/128 MP: 1/36
 45253 | Spider:3 | HP: 51/128 [steelbarb worm (19)]
 45893 | Spider:4 | Received a gift from Sif Muna
 45894 | Spider:4 | Got Sif Muna's Lectures on Transfiguration and Embers {god
                  | gift}
 46043 | Spider:4 | Learned a level 8 spell: Ignition
 46056 | Spider:4 | Reached skill level 13 in Fire Magic
 46557 | Spider:4 | Identified Roxanne's Codex of Metamorphosis
 46557 | Spider:4 | Noticed Roxanne
 46628 | Spider:4 | Killed Roxanne
 47977 | Spider:4 | Identified the +2 hat of the Barnacle {rElec rN+ Dex+3}
 47991 | Spider:4 | Got a gossamer rune of Zot
 48272 | Swamp:1  | Entered Level 1 of the Swamp
 48278 | Swamp:1  | Reached skill level 14 in Fire Magic
 48407 | Swamp:1  | Identified a scroll of acquirement
 49558 | Swamp:2  | Received a gift from Sif Muna
 49559 | Swamp:2  | Got Sif Muna's Handbook of the Nocuous Volcanoes {god gift}
 49689 | Swamp:1  | Learned a level 6 spell: Starburst
 50280 | Swamp:2  | Reached skill level 15 in Fire Magic
 50460 | Swamp:1  | HP: 64/128 [eleionoma/spray of wooden splinters (12)]
 51760 | Swamp:2  | HP: 54/128 [will-o-the-wisp/foxfire (17)]
 52454 | Swamp:3  | Reached skill level 16 in Fire Magic
 53082 | Swamp:3  | Acquired 1164 gold pieces
 53116 | Swamp:4  | Entered Level 4 of the Swamp
 53124 | Swamp:4  | Reached XP level 18. HP: 134/134 MP: 17/37
 53569 | Swamp:4  | Found a transporter.
 53571 | Swamp:4  | Noticed retardedninja's ghost (adept HOFi)
 53939 | Swamp:4  | Found a transporter.
 54501 | Swamp:4  | Reached skill level 17 in Fire Magic
 54872 | Swamp:4  | Noticed a bone dragon
 54916 | Swamp:4  | Killed a bone dragon
 55705 | Swamp:4  | Got a decaying rune of Zot
 56042 | Vaults:1 | Entered Level 1 of the Vaults
 56338 | Vaults:1 | Received a gift from Sif Muna
 56341 | Vaults:1 | Got Paheof's Discourse on Blasting {god gift}
 56498 | Vaults:1 | Identified the +7 flail of Pride {freeze, Will+}
 56837 | Vaults:1 | Reached skill level 18 in Fire Magic
 57125 | Vaults:1 | HP: 60/134 [dire elephant (21)]
 57328 | Vaults:1 | HP: 62/134 [ironbound frostheart/creeping frost (31)]
 57739 | Vaults:1 | HP: 60/134 [slime creature (10)]
 57781 | Vaults:1 | HP: 56/134 [wizard/fireball (24)]
 58249 | Vaults:1 | HP: 50/134 [yaktaur/bolt[a yaktaur captain] (24)]
 59407 | Vaults:2 | Reached skill level 19 in Fire Magic
 60030 | Vaults:2 | HP: 57/134 [yaktaur captain/bolt (34)]
 60703 | Vaults:2 | Gained mutation: Spells you cast may paralyse nearby
                  | enemies. [demonic ancestry]
 60703 | Vaults:2 | Reached XP level 19. HP: 140/140 MP: 25/38
 61049 | Vaults:2 | Received a gift from Sif Muna
 61055 | Vaults:2 | Reached skill level 20 in Fire Magic
 61167 | Vaults:2 | Got Sif Muna's Octavo of Clay {god gift}
 62678 | Vaults:3 | Noticed Boris
 62745 | Vaults:3 | Found a magical portal.
 62781 | WizLab   | Entered Lehudib's Moon Base
 63350 | WizLab   | HP: 66/140 [quicksilver dragon/bolt of dispelling energy
                  | (36)]
 63357 | WizLab   | HP: 67/140 [starcursed mass/accursed screaming (8)]
 63364 | WizLab   | HP: 60/140 [starcursed mass/accursed screaming (9)]
 64191 | WizLab   | Received a gift from Sif Muna
 64368 | WizLab   | HP: 53/140 [crystal guardian/crystal bolt (42)]
 64433 | WizLab   | Reached skill level 16 in Conjurations
 64503 | WizLab   | Found a transporter.
 64898 | WizLab   | Reached skill level 16 in Spellcasting
 64974 | WizLab   | Found a transporter.
 65146 | WizLab   | HP: 68/140 [stone giant (21)]
 65671 | WizLab   | Identified the +2 helmet of the Moon {Will+ Str+8 Stlth-}
 65675 | WizLab   | Identified the +4 short sword of Ru's Wrath {antimagic,
                  | rN+}
 65677 | WizLab   | Identified the +1 hat "Jocve" {MP+9 Str+4}
 65680 | WizLab   | Identified the +7 scimitar of Paenuarch {vorpal, rF+ Int+2
                  | SInv}
 65791 | Vaults:3 | Killed Boris
 66360 | Vaults:3 | HP: 61/140 [crystal guardian/crystal bolt[a peacekeeper]
                  | (42)]
 66491 | Vaults:3 | Reached skill level 17 in Conjurations
 66782 | Vaults:3 | Found Tigeqeg's Book Shoppe.
 67175 | Vaults:3 | Gained mutation: You punish those that try to bend your
                  | will. (Will+) [demonic ancestry]
 67175 | Vaults:3 | Reached XP level 20. HP: 147/147 MP: 30/40
 67780 | Vaults:3 | Received a gift from Sif Muna
 67786 | Vaults:3 | Got Sif Muna's Atlas of Hurting and Beckoning {god gift}
 67982 | Vaults:3 | Found a staircase to the Crypt.
 68442 | Vaults:4 | Reached skill level 18 in Conjurations
 69553 | Vaults:4 | Reached skill level 19 in Conjurations
 70001 | Vaults:4 | HP: 70/147 [yaktaur captain/bolt (27)]
 70095 | Vaults:4 | Found Lazud's Antique Armour Boutique.
 70102 | Vaults:4 | Bought a crude scale mail for 270 gold pieces
 70102 | Vaults:4 | Identified the +6 scale mail "Fiset" {+Blink Int+2} (You
                  | bought it in a shop on level 4 of the Vaults)
 70102 | Vaults:4 | Bought a faintly humming ring mail for 270 gold pieces
 70102 | Vaults:4 | Identified the +9 ring mail of Valour {rPois Dex+4} (You
                  | bought it in a shop on level 4 of the Vaults)
 70127 | Vaults:4 | Learned a level 9 spell: Fire Storm
 70790 | Vaults:4 | Identified the amulet of Qanepeji {Reflect rElec SH+5}
 71496 | Elf:1    | Entered Level 1 of the Elven Halls
 71504 | Elf:1    | Received a gift from Sif Muna
 71593 | Elf:1    | Got Sif Muna's Tractate on Creative Arcane Weapons {god
                  | gift}
 71674 | Elf:1    | Reached skill level 20 in Conjurations
 73804 | Elf:2    | Found Paiczybyav's Antique Armour Emporium.
 73814 | Elf:2    | Reached XP level 21. HP: 116/153 MP: 33/41
 73816 | Elf:2    | Reached skill level 21 in Conjurations
 73824 | Elf:2    | Received a gift from Sif Muna
 73825 | Elf:2    | Got Sif Muna's Textbook on Kinetic Terrain {god gift}
 73972 | Elf:2    | Identified the +2 rapier of Gehenna {vamp, *Noise rElec
                  | Will- rCorr}
 73975 | Elf:2    | Bought a pair of distressingly furry gloves for 190 gold
                  | pieces
 73975 | Elf:2    | Identified the +1 pair of gloves of Efurax {MP+9 Str+4
                  | Stlth+} (You bought it in a shop on level 2 of the Elven
                  | Halls)
 74049 | Elf:2    | Noticed Louise
 74058 | Elf:2    | Killed Louise
 74985 | Elf:2    | Found a runed translucent gate.
 74986 | Elf:2    | Found a runed translucent gate.
 74986 | Elf:2    | Found a runed translucent gate.
 75104 | Elf:2    | Reached skill level 22 in Conjurations
 76437 | Elf:3    | Entered Level 3 of the Elven Halls
 76451 | Elf:3    | Received a gift from Sif Muna
 76597 | Elf:3    | Got Sif Muna's Further Progress in Witchery {god gift}
 77236 | Elf:3    | Reached skill level 21 in Fire Magic
 77247 | Elf:3    | HP: 60/153 [deep elf sorcerer/damnation (44)]
 77267 | Elf:3    | HP: 16/153 [deep elf annihilator/iron shot (53)]
 78096 | Elf:3    | Identified the amulet "Narchunirr" {RegenMP Int+2}
 78170 | Elf:3    | Got the Catalogue of Changing Vapour
 78178 | Elf:3    | Got Sif Muna's Exposition on the Gathering
 78517 | Depths:1 | Entered Level 1 of the Depths
 78626 | Depths:1 | You are sucked into a shaft and drop 1 floor!
 79108 | Depths:1 | Found a gateway to Hell.
 79167 | Depths:1 | Reached XP level 22. HP: 159/159 MP: 42/42
 79222 | Depths:1 | Reached skill level 22 in Fire Magic
 79497 | Depths:1 | Found the +3 pair of seven-league boots {Rampage+∞}
 80050 | Depths:1 | HP: 65/159 [ice dragon/blast of cold (64)]
 80437 | Depths:2 | HP: 76/159 [stone giant/large rock (38)]
 80444 | Depths:2 | Received a gift from Sif Muna
 80919 | Depths:2 | Found a portal to a secret trove of treasure.
 81462 | Depths:2 | Found a one-way gate leading to the halls of Pandemonium.
 82092 | Depths:2 | Identified the +1 chain mail of the Raven {rC+ Will+ Regen+
                  | Str-3}
 82102 | Depths:2 | Noticed a caustic shrike
 82107 | Depths:2 | Killed a caustic shrike
 82108 | Depths:2 | Reached skill level 23 in Conjurations
 82224 | Depths:2 | Identified the +7 long sword of Dugucef {vorpal, Will+}
 83079 | Depths:3 | Identified the +1 robe of the Unbroken {rElec rF+}
 83124 | Depths:3 | Found a bloodstained altar of Trog.
 84144 | Depths:3 | Found a one-way gate to the infinite horrors of the Abyss.
 84278 | Depths:3 | Found a one-way gateway to a ziggurat.
 84563 | Depths:4 | Entered Level 4 of the Depths
 84823 | Depths:4 | Received a gift from Sif Muna
 84824 | Depths:4 | Got Sif Muna's Dissertation on Damaging Incandescence {god
                  | gift}
 84857 | Depths:4 | Noticed Sojobo
 84862 | Depths:4 | Killed Sojobo
 84863 | Depths:4 | Reached skill level 17 in Spellcasting
 84876 | Depths:4 | Found a flickering gateway to a bazaar.
 85062 | Depths:4 | Identified the +10 morningstar "Rikler" {vorpal, rF+ Will-
                  | Int+3 Dex+4}
 85067 | Bazaar   | Entered a bazaar
 85149 | Bazaar   | Found Zeutzauzah's Book Shop.
 85149 | Bazaar   | Found Goubij's Antique Armour Shop.
 85168 | Bazaar   | Bought a pair of translucent boots for 304 gold pieces
 85168 | Bazaar   | Identified the +2 pair of boots "Gyryidap" {rCorr} (You
                  | bought it in a shop in a bazaar)
 85517 | Depths:4 | Found a gate to the Realm of Zot.
 85715 | Depths:4 | Learned a level 8 spell: Lehudib's Crystal Spear
 85731 | Depths:4 | Learned a level 7 spell: Spellforged Servitor
 86479 | Vaults:5 | Entered Level 5 of the Vaults
 86481 | Vaults:5 | Reached skill level 2 in Necromancy
 86481 | Vaults:5 | Reached skill level 2 in Transmutations
 86481 | Vaults:5 | Gained mutation: You are resistant to unholy torment.
                  | [demonic ancestry]
 86481 | Vaults:5 | Reached XP level 23. HP: 165/165 MP: 44/44
 86482 | Vaults:5 | Reached skill level 23 in Fire Magic
 86487 | Vaults:5 | Reached skill level 3 in Necromancy
 86491 | Vaults:5 | Reached skill level 3 in Transmutations
 86575 | Vaults:5 | Received a gift from Sif Muna
 86576 | Vaults:5 | Noticed a dread lich
 86578 | Vaults:5 | Reached skill level 4 in Necromancy
 86800 | Vaults:5 | Reached skill level 4 in Transmutations
 86801 | Vaults:5 | Killed a dread lich
 86803 | Vaults:5 | Reached skill level 5 in Necromancy
 86807 | Vaults:5 | Reached skill level 18 in Spellcasting
 86915 | Vaults:5 | HP: 61/165 [stone giant (33)]
 87176 | Vaults:5 | Noticed an ancient lich
 87179 | Vaults:5 | Reached skill level 5 in Transmutations
 87182 | Vaults:5 | Killed an ancient lich
 87183 | Vaults:5 | Reached skill level 6 in Necromancy
 87535 | Vaults:5 | Identified the +1 leather armour "Regreqo" {Harm rElec
                  | rPois}
 87713 | Vaults:5 | Found the +3 hat of Pondering {ponderous, Will+ MP+10
                  | Int+5}
 87740 | Vaults:5 | Identified the ring "Diol" {Drain rC+ Will+++ AC+4 Int+8}
 87761 | Vaults:5 | Noticed an ancient lich
 87763 | Vaults:5 | Killed an ancient lich
 87796 | Vaults:5 | Identified the +6 trident of Unreason {speed, rPois}
 87800 | Vaults:5 | Identified the quicksilver dragon scales of Asmaaqum {Will+
                  | Str+4}
 87814 | Vaults:5 | Identified the +2 short sword of Gehenna {elec, rElec Will-
                  | rCorr Stlth+}
 87844 | Vaults:5 | Identified the +1 spear of the Wasteland {vorpal, Dex+3}
 87854 | Vaults:5 | Received a gift from Sif Muna
 87855 | Vaults:5 | Reached skill level 7 in Necromancy
 87855 | Vaults:5 | Reached skill level 6 in Transmutations
 87904 | Vaults:5 | Got Sif Muna's Guide on Electric Darkness {god gift}
 88115 | Vaults:5 | Noticed an ancient lich
 88120 | Vaults:5 | Killed an ancient lich
 88187 | Vaults:5 | Found the +2 shield of Resistance {rF++ rC++ Will++}
 88203 | Vaults:5 | Learned a level 8 spell: Necromutation
 88454 | Vaults:5 | Got a silver rune of Zot
 88516 | Vaults:5 | Reached skill level 1 in Shields
 88543 | Vaults:5 | Noticed a dread lich
 88554 | Vaults:5 | Killed a dread lich
 88562 | Vaults:5 | Reached skill level 8 in Necromancy
 88693 | Vaults:5 | Reached skill level 2 in Shields
 88854 | Vaults:5 | Identified the +7 flail "Zubem" {flame, Will+ Int+5}
 88875 | Vaults:5 | Identified the +8 chain mail "Rioferuopo" {Fly}
 88893 | Vaults:5 | Identified the ring of Oenomania {Will- EV+4 Dex+9 SInv
                  | Stlth-}
 89091 | Vaults:5 | Identified the +1 ring mail of Impermeability {Fly Str+4}
 89177 | Crypt:1  | Entered Level 1 of the Crypt
 89181 | Crypt:1  | Reached skill level 7 in Transmutations
 89192 | Crypt:1  | Reached skill level 3 in Shields
 89192 | Crypt:1  | Gained mutation: You have a sharp stinger which inflicts
                  | weakening toxins. [demonic ancestry]
 89192 | Crypt:1  | Reached XP level 24. HP: 172/172 MP: 12/45
 89580 | Crypt:1  | You are sucked into a shaft and drop 1 floor!
 89728 | Crypt:2  | Received a gift from Sif Muna
 89869 | Crypt:1  | Identified the +0 pair of boots "Baxe Hio" {Drain rPois rC+
                  | Int+4}
 89871 | Crypt:1  | Found a transporter.
 90078 | Crypt:1  | Reached skill level 9 in Necromancy
 90212 | Crypt:1  | Reached skill level 4 in Shields
 90287 | Crypt:1  | Found a transporter.
 91055 | Crypt:3  | Entered Level 3 of the Crypt
 91055 | Crypt:3  | Found a staircase to the Tomb.
 91055 | Crypt:3  | Found a runed translucent gate.
 91061 | Crypt:3  | Noticed Olih Byd's ghost (adept GrFi)
 91062 | Crypt:3  | Reached skill level 8 in Transmutations
 91077 | Crypt:3  | Reached skill level 19 in Spellcasting
 91176 | Crypt:3  | Found a runed translucent gate.
 91177 | Crypt:3  | Found a runed translucent gate.
 91289 | Crypt:3  | Received a gift from Sif Muna
 91400 | Crypt:3  | Reached skill level 5 in Shields
 91575 | Crypt:3  | Reached skill level 10 in Necromancy
 92249 | Crypt:3  | Found a basalt altar of Yredelemnul.
 92263 | Crypt:3  | Received a gift from Sif Muna
 92469 | Crypt:3  | Reached skill level 6 in Shields
 92474 | Crypt:3  | Reached skill level 9 in Transmutations
 92582 | Crypt:3  | Identified the ring of Ruhoc {rF+ AC+4}
 92605 | Crypt:3  | Identified the +1 ring mail of Ucuudag {rElec Str+3 Int+2
                  | Dex-3}
 93262 | Hell     | Entered the Vestibule of Hell
 93262 | Hell     | Noticed Geryon
 93266 | Hell     | Killed Geryon
 93273 | Hell     | Noticed Murray
 93354 | Depths:1 | HP: 77/172 [flayed ghost/flay_damage[Murray] (24)]
 93632 | Hell     | HP: 82/172 [soul eater (9)]
 93898 | Hell     | Reached skill level 11 in Necromancy
 93912 | Hell     | Received a gift from Sif Muna
 94064 | Hell     | Got Sif Muna's Lectures on Frigid Bewitchment {god gift}
 94142 | Hell     | Found a gateway to the Iron City of Dis.
 94187 | Hell     | Found a gateway to the ashen valley of Gehenna.
 94242 | Hell     | Found a gateway to the decaying netherworld of Tartarus.
 94397 | Hell     | Found a gateway to the freezing wastes of Cocytus.
 94885 | Slime:1  | Entered Level 1 of the Pits of Slime
 94888 | Slime:1  | Reached skill level 7 in Shields
 95085 | Slime:2  | Reached XP level 25. HP: 177/177 MP: 24/46
 95313 | Slime:3  | Reached skill level 10 in Transmutations
 95649 | Slime:5  | Entered Level 5 of the Pits of Slime
 95656 | Slime:5  | Received a gift from Sif Muna
 95722 | Slime:5  | Reached skill level 12 in Necromancy
 95722 | Slime:5  | Noticed the Royal Jelly
 95725 | Slime:5  | Killed the Royal Jelly
 95726 | Slime:5  | Reached skill level 8 in Shields
 95998 | Slime:5  | Reached ****** piety under Sif Muna
 96001 | Slime:5  | Reached skill level 20 in Spellcasting
 96053 | Slime:5  | Got Sif Muna's Directory of Calorific Companions {god gift}
 96100 | Slime:5  | Found the +4 Cigotuvi's embrace {rMiasma Drain rN+}
 96111 | Slime:5  | Identified the ring "Zoitanek" {*Slow rPois Int+6 Dex+3}
 96126 | Slime:5  | Identified the +5 dagger "Kamutuf" {freeze, SInv}
 96165 | Slime:5  | Identified the amulet "Diuss" {Acrobat rC+ Will+}
 96170 | Slime:5  | Identified the ring "Aruf" {rF+ Will+ AC+4}
 96176 | Slime:5  | Identified the ring "Xedaavas" {rCorr MP+9}
 96184 | Slime:5  | Identified the +1 dagger "Duepnen" {drain, +Blink rN+
                  | rCorr}
 96210 | Slime:5  | Got a slimy rune of Zot
 96670 | Zot:1    | Entered Level 1 of the Realm of Zot
 96891 | Zot:1    | Reached skill level 9 in Shields
 96891 | Zot:1    | Reached skill level 13 in Necromancy
 96978 | Zot:1    | Identified the +0 ring mail "Seoc" {Will+ SInv}
 97306 | Depths:2 | You paid a toll of +3 gold dragon scales to enter a
                  | treasure trove
 97307 | Trove    | Entered a treasure trove
 98060 | Zot:2    | Reached skill level 10 in Shields
 98433 | Zot:2    | Received a gift from Sif Muna
 98434 | Zot:2    | Reached skill level 14 in Necromancy
 98688 | Zot:3    | Noticed a Killer Klown
 98690 | Zot:3    | Killed a Killer Klown
 98944 | Zot:3    | Noticed a Killer Klown
 98946 | Zot:3    | Killed a Killer Klown
 98989 | Zot:3    | Noticed a Killer Klown
 98991 | Zot:3    | Killed a Killer Klown
 99089 | Zot:3    | Reached skill level 11 in Shields
 99096 | Zot:3    | Noticed a Killer Klown
 99100 | Zot:3    | Killed a Killer Klown
 99181 | Zot:3    | Reached skill level 15 in Necromancy
 99575 | Zot:4    | Received a gift from Sif Muna
 99670 | Zot:4    | Got Sif Muna's Disquisition on Lightning and the Escort
                  | {god gift}
100032 | Zot:4    | Gained mutation: You can hurl damnation. [demonic ancestry]
100032 | Zot:4    | Reached XP level 26. HP: 182/184 MP: 36/47
100044 | Zot:4    | Reached skill level 12 in Shields
100170 | Zot:4    | Reached skill level 16 in Necromancy
100853 | Zot:5    | Entered Level 5 of the Realm of Zot
101152 | Zot:5    | Reached skill level 13 in Shields
101284 | Zot:5    | Reached skill level 17 in Necromancy
101449 | Zot:5    | Noticed an orb of fire
101455 | Zot:5    | Killed an orb of fire
101519 | Zot:5    | Noticed an ancient lich
101525 | Zot:5    | Killed an ancient lich
101608 | Zot:5    | Noticed an ancient lich
101611 | Zot:5    | Noticed an ancient lich
101612 | Zot:5    | Killed an ancient lich
101619 | Zot:5    | Killed an ancient lich
101833 | Zot:5    | Received a gift from Sif Muna
101834 | Zot:5    | Got Xigec's Quarto of the Floating Entourage {god gift}
101841 | Zot:5    | Reached skill level 14 in Shields
101908 | Zot:5    | Reached skill level 18 in Necromancy
101955 | Zot:5    | Noticed an orb of fire
101960 | Zot:5    | Killed an orb of fire
101961 | Zot:5    | Noticed a dread lich
101977 | Zot:5    | Killed a dread lich
102179 | Zot:5    | Reached skill level 15 in Shields
102185 | Zot:5    | Learned a level 4 spell: Passage of Golubria
102228 | Zot:5    | Reached skill level 1 in Translocations
102240 | Zot:5    | Noticed a dread lich
102243 | Zot:5    | Killed a dread lich
102318 | Zot:5    | Reached skill level 2 in Translocations
102728 | Geh:1    | Entered Level 1 of Gehenna
102935 | Geh:2    | Reached skill level 3 in Translocations
102949 | Geh:2    | HP: 91/184 [hell hog/fireball (5)]
102957 | Geh:2    | Gained mutation: Spells you cast and wands you use may
                  | paralyse nearby enemies. [demonic ancestry]
102957 | Geh:2    | Reached XP level 27. HP: 70/190 MP: 10/47
102999 | Geh:2    | Received a gift from Sif Muna
103000 | Geh:2    | Got Sif Muna's Discourse on Hexes and the Blizzard {god
                  | gift}
103007 | Geh:2    | HP: 92/190 [hell hog/fireball (4)]
103014 | Geh:2    | HP: 89/190 [hell hog/fireball (4)]
103020 | Geh:2    | HP: 91/190 [hell hog/fireball (1)]
103029 | Geh:2    | HP: 89/190 [hell hog/fireball (2)]
103287 | Geh:4    | Reached skill level 4 in Translocations
103299 | Geh:4    | Reached skill level 16 in Earth Magic
103423 | Geh:4    | Noticed an ancient lich
103426 | Geh:4    | Killed an ancient lich
103571 | Geh:5    | HP: 78/172 [??? (22)]
103709 | Geh:5    | HP: 85/173 [hellion/damnation (19)]
104054 | Geh:5    | Reached skill level 11 in Invocations
104333 | Geh:6    | Reached skill level 5 in Translocations
104625 | Geh:7    | Entered Level 7 of Gehenna
104941 | Geh:7    | Reached skill level 12 in Invocations
104944 | Geh:7    | Reached skill level 6 in Translocations
105107 | Geh:7    | Learned a level 9 spell: Shatter
105487 | Geh:7    | HP: 84/190 [Brimstone Fiend/damnation (38)]
105711 | Geh:7    | Found the +7 sceptre of Asmodeus
105711 | Geh:7    | Noticed Asmodeus
105723 | Geh:7    | Killed Asmodeus
105741 | Geh:7    | Got an obsidian rune of Zot
105967 | Dis:1    | Entered Level 1 of the Iron City of Dis
105991 | Dis:1    | Reached skill level 21 in Spellcasting
105991 | Dis:1    | Reached skill level 7 in Translocations
105991 | Dis:1    | Reached skill level 13 in Invocations
105995 | Dis:1    | HP: 95/190 [acid (4)]
106007 | Dis:1    | HP: 77/190 [quicksilver elemental/bolt of dispelling energy
                  | (11)]
106014 | Dis:1    | HP: 71/190 [quicksilver elemental/bolt of dispelling energy
                  | (9)]
106038 | Dis:1    | HP: 39/190 [war gargoyle/spray of metal splinters (12)]
106344 | Dis:1    | Reached skill level 17 in Earth Magic
106579 | Dis:2    | HP: 73/175 [caustic shrike (22)]
106583 | Dis:2    | HP: 16/179 [caustic shrike (26)]
107135 | Dis:4    | Noticed a royal mummy
107140 | Dis:4    | Killed a royal mummy
107141 | Dis:4    | Reached skill level 8 in Translocations
107148 | Hell     | Reached skill level 14 in Invocations
107360 | Dis:4    | Noticed an ancient lich
107363 | Dis:4    | Noticed an ancient lich
107367 | Dis:4    | Killed an ancient lich
107368 | Dis:4    | HP: 63/159 [ancient lich/bolt of acid (25)]
107369 | Dis:4    | Killed an ancient lich
107369 | Dis:4    | Noticed a royal mummy
107369 | Dis:4    | Noticed a royal mummy
107371 | Dis:4    | HP: 22/170 [royal mummy/divine providence (17)]
107731 | Dis:4    | Noticed a royal mummy
107734 | Dis:4    | Killed a royal mummy
107734 | Dis:4    | Killed a royal mummy
107734 | Dis:4    | Killed a royal mummy
107980 | Hell     | Learned a level 6 spell: Dispersal
108202 | Dis:5    | Reached skill level 9 in Translocations
108202 | Dis:5    | Reached skill level 15 in Invocations
108209 | Dis:5    | HP: 91/183 [caustic shrike (18)]
108837 | Dis:6    | HP: 77/170 [iron golem[an iron giant] (22)]
109226 | Dis:6    | HP: 44/113 [iron golem[an iron giant] (16)]
109564 | Dis:7    | Entered Level 7 of the Iron City of Dis
109632 | Depths:3 | Voluntarily entered the Abyss.
109953 | Abyss:1  | Reached skill level 18 in Earth Magic
110509 | Abyss:1  | Reached skill level 10 in Translocations
110695 | Abyss:2  | Noticed a dread lich
110701 | Abyss:2  | Killed a dread lich
110746 | Abyss:2  | Found a corrupted altar of Lugonu.
110790 | Abyss:2  | Gained mutation: Armour fits poorly on your strangely
                  | shaped body. [a cacodemon]
110792 | Abyss:2  | Reached skill level 22 in Spellcasting
110823 | Abyss:2  | HP: 91/184 [nagaraja zombie (4)]
110880 | Abyss:2  | HP: 92/186 [starcursed mass/accursed screaming (6)]
110899 | Abyss:2  | HP: 94/190 [hell hound/blast of flame (1)]
110925 | Depths:3 | Escaped the Abyss
111110 | Depths:3 | Voluntarily entered the Abyss.
111110 | Abyss:2  | Identified the -1 tower shield "Setzeq" {rF+}
111310 | Abyss:2  | Found a corrupted altar of Lugonu.
111926 | Depths:3 | Escaped the Abyss
112476 | Spider:3 | Reached skill level 19 in Earth Magic
112477 | Spider:3 | Killed Lobster4's ghost
112773 | Swamp:4  | Killed retardedninja's ghost
113183 | D:14     | Identified the +2 hand axe of the Messenger {vorpal, rElec
                  | Int+5 Dex-4}
113346 | Depths:3 | Voluntarily entered the Abyss.
113346 | Abyss:2  | Found a corrupted altar of Lugonu.
113422 | Abyss:2  | Found a corrupted altar of Lugonu.
113482 | Abyss:2  | Reached skill level 1 in Long Blades
113525 | Abyss:2  | Reached skill level 2 in Long Blades
113869 | Abyss:2  | Reached skill level 3 in Long Blades
113906 | Abyss:2  | Reached skill level 23 in Spellcasting
114073 | Abyss:3  | Reached skill level 4 in Long Blades
114163 | Abyss:3  | Got an abyssal rune of Zot
114167 | Abyss:3  | Reached skill level 5 in Long Blades
114167 | Abyss:3  | Noticed a dread lich
114174 | Depths:3 | Escaped the Abyss
114511 | Dis:7    | Reached skill level 11 in Fighting
114512 | Dis:7    | Reached skill level 6 in Long Blades
114808 | Dis:7    | Reached skill level 7 in Long Blades
114921 | Dis:7    | Reached skill level 20 in Earth Magic
114953 | Dis:7    | Noticed the Serpent of Hell
114962 | Dis:7    | HP: 63/194 [the Serpent of Hell/crystal spear (48)]
114967 | Dis:7    | HP: 91/194 [the Serpent of Hell/bolt of dispelling energy
                  | (8)]
114972 | Dis:7    | Killed the Serpent of Hell
114973 | Dis:7    | Reached skill level 8 in Long Blades
114978 | Dis:7    | HP: 84/196 [war gargoyle/spray of metal splinters (9)]
114986 | Dis:7    | Reached skill level 12 in Fighting
114991 | Dis:7    | Reached skill level 9 in Long Blades
115149 | Dis:7    | HP: 92/197 [Hell Sentinel/iron shot (75)]
115515 | Dis:7    | Reached skill level 10 in Long Blades
116081 | Dis:7    | Found the +4 staff of Dispater
116081 | Dis:7    | Noticed Dispater
116082 | Dis:7    | Noticed a juggernaut
116084 | Dis:7    | Killed a juggernaut
116085 | Dis:7    | Reached skill level 11 in Long Blades
116089 | Dis:7    | Reached skill level 13 in Fighting
116090 | Dis:7    | HP: 91/201 [Dispater/iron shot (27)]
116128 | Dis:7    | HP: 70/201 [Dispater/damnation (38)]
116132 | Dis:7    | Killed Dispater
116451 | Dis:7    | Got an iron rune of Zot
116579 | Dis:7    | HP: 96/201 [Hell Sentinel/damnation (25)]
116800 | Coc:1    | Entered Level 1 of Cocytus
117102 | Coc:3    | Reached skill level 12 in Long Blades
117106 | Coc:3    | Paralysed by a wendigo for 1 turns
117109 | Coc:3    | Paralysed by a wendigo for 1 turns
117119 | Coc:3    | Reached skill level 21 in Earth Magic
117119 | Coc:3    | HP: 78/203 [elemental wellspring/torrent of water (44)]
117801 | Coc:5    | Reached skill level 14 in Fighting
118054 | Coc:6    | Paralysed by a wendigo for 1 turns
118059 | Coc:6    | Reached skill level 13 in Long Blades
118061 | Coc:6    | HP: 78/206 [shard shrike/shard of ice (37)]
118072 | Coc:6    | HP: 79/206 [frost giant/bolt of cold (5)]
118077 | Coc:6    | HP: 59/206 [frost giant/bolt of cold (6)]
118351 | Coc:7    | Entered Level 7 of Cocytus
118588 | Coc:7    | Reached skill level 15 in Fighting
119173 | Coc:7    | Noticed Antaeus
119193 | Coc:7    | Paralysed by a wendigo for 1 turns
119194 | Coc:7    | Killed Antaeus
119195 | Coc:7    | Reached skill level 14 in Long Blades
119195 | Coc:7    | Reached skill level 22 in Earth Magic
119219 | Coc:7    | HP: 105/210 [titan/bolt of lightning (19)]
119579 | Coc:7    | Reached skill level 16 in Fighting
119595 | Coc:7    | Got an icy rune of Zot
119710 | Hell     | Learned a level 9 spell: Polar Vortex
119711 | Tar:1    | Entered Level 1 of Tartarus
119732 | Tar:1    | Reached skill level 1 in Armour
119732 | Tar:1    | Reached skill level 1 in Ice Magic
119759 | Tar:1    | Reached skill level 2 in Armour
119903 | Tar:2    | Reached skill level 3 in Armour
119903 | Tar:2    | Reached skill level 2 in Ice Magic
119927 | Tar:2    | HP: 93/210 [reaper/+4 scythe of freezing[a doom hound]
                  | (14)]
119930 | Tar:2    | Reached skill level 4 in Armour
119941 | Tar:2    | Reached skill level 3 in Ice Magic
119941 | Tar:2    | HP: 62/210 [tainted leviathan/large rock (20)]
120240 | Tar:2    | Reached skill level 5 in Armour
120413 | Tar:2    | Lost mutation: Armour fits poorly on your strangely shaped
                  | body. [potion of mutation]
120413 | Tar:2    | Gained mutation: You have sharp fingernails. [potion of
                  | mutation]
120413 | Tar:2    | Gained mutation: Your spells are a little harder to cast,
                  | but a little more powerful. [potion of mutation]
120530 | Tar:2    | Reached skill level 4 in Ice Magic
120531 | Tar:2    | Reached skill level 6 in Armour
120662 | Tar:2    | HP: 86/203 [??? (24)]
120937 | Tar:2    | Reached skill level 7 in Armour
121004 | Tar:3    | Reached skill level 5 in Ice Magic
121016 | Tar:3    | Reached skill level 8 in Armour
121236 | Tar:4    | Reached skill level 6 in Ice Magic
121254 | Tar:4    | Reached skill level 9 in Armour
121535 | Tar:5    | You are sucked into a shaft and drop 1 floor!
121539 | Tar:6    | Reached skill level 10 in Armour
121539 | Tar:6    | Reached skill level 7 in Ice Magic
121583 | Tar:7    | Entered Level 7 of Tartarus
121588 | Tar:7    | Reached skill level 8 in Ice Magic
121773 | Tar:7    | Reached skill level 9 in Ice Magic
122024 | Tar:7    | Noticed Ereshkigal
122030 | Tar:7    | Reached skill level 10 in Ice Magic
122030 | Tar:7    | Killed Ereshkigal
122094 | Tar:7    | Got a bone rune of Zot
122330 | Pan      | Entered Pandemonium
122543 | Pan      | Noticed Mennas
122567 | Pan      | Killed Mennas
122729 | Pan      | Found an exit through the horrors of the Abyss.
122737 | Pan      | Identified the +2 cloak "Wuot" {rPois Dex+4 Slay+2}
122756 | Pan      | Entered the realm of Cerebov.
122817 | Pan      | Found the +6 sword of Cerebov {flame}
122817 | Pan      | Noticed Cerebov
122823 | Pan      | Reached skill level 11 in Armour
122834 | Pan      | HP: 86/210 [Cerebov/great blast of fire (33)]
122835 | Pan      | Killed Cerebov
122836 | Pan      | Reached skill level 11 in Ice Magic
122843 | Pan      | Identified the ring "Kaacev Xofa" {rPois rC++ rCorr Str+3}
122918 | Pan      | Identified the +7 plate armour "Mawkatyh" {Slay+5}
122925 | Pan      | Identified the +6 war axe "Iwelab" {speed, Int+2}
122925 | Pan      | Identified the ring "Ofiju" {rC+ rN+}
122938 | Pan      | Got a fiery rune of Zot
123246 | Pan      | Reached skill level 12 in Armour
123256 | Pan      | Noticed a seraph
123261 | Pan      | Killed a seraph
123277 | Pan      | Identified the +5 trident of Muiruh {protect, rF- rC+
                  | Str+3}
123280 | Pan      | Got a demonic rune of Zot
123283 | Pan      | Identified the ring of Zageoketa {*Corrode rElec rPois AC+4
                  | Slay+2}
123285 | Pan      | Identified the +0 scale mail of Ferch {rC- Will+ Dex+3}
123349 | Pan      | Reached skill level 12 in Ice Magic
123834 | Pan      | Reached skill level 13 in Armour
123849 | Pan      | Noticed Tiyxtize the pandemonium lord
123854 | Pan      | Killed Tiyxtize the pandemonium lord
124052 | Pan      | Reached skill level 13 in Ice Magic
124277 | Pan      | Entered the realm of Mnoleg.
124423 | Pan      | Noticed Mnoleg
124432 | Pan      | Killed Mnoleg
124433 | Pan      | Reached skill level 14 in Armour
124542 | Pan      | Got a glowing rune of Zot
124607 | Pan      | Noticed Gupiodai the pandemonium lord
124614 | Pan      | Killed Gupiodai the pandemonium lord
124618 | Pan      | Reached skill level 14 in Ice Magic
124763 | Pan      | Identified the +0 cloak of Bisirie {rC+ Str+4 SInv}
125177 | Pan      | Entered the realm of Gloorx Vloq.
125697 | Pan      | Reached skill level 15 in Armour
125948 | Pan      | Reached skill level 15 in Ice Magic
126503 | Pan      | Noticed Gloorx Vloq
126508 | Pan      | Killed Gloorx Vloq
126509 | Pan      | Reached skill level 16 in Ice Magic
126693 | Pan      | Got a dark rune of Zot
127165 | Pan      | Reached skill level 17 in Ice Magic
127847 | Pan      | Gained mutation: Your body sometimes deteriorates upon
                  | taking damage. [a neqoxec]
127922 | Pan      | Found a transporter.
127946 | Pan      | Reached skill level 18 in Ice Magic
128141 | Pan      | Entered the realm of Lom Lobon.
128141 | Pan      | Noticed Lom Lobon
128151 | Pan      | Killed Lom Lobon
128182 | Pan      | Got a magical rune of Zot
128741 | Pan      | Reached skill level 19 in Ice Magic
128977 | Pan      | Noticed Fiurch the pandemonium lord
128991 | Pan      | Killed Fiurch the pandemonium lord
129086 | Depths:2 | Escaped Pandemonium
129743 | Tomb:1   | Entered Level 1 of the Tomb of the Ancients
129757 | Tomb:1   | Noticed a royal mummy
129763 | Tomb:1   | Killed a royal mummy
129836 | Tomb:1   | Noticed a royal mummy
129838 | Tomb:1   | Killed a royal mummy
129838 | Tomb:1   | Noticed a royal mummy
129839 | Tomb:1   | Killed a royal mummy
129865 | Tomb:1   | Noticed a royal mummy
129869 | Tomb:1   | Killed a royal mummy
129873 | Tomb:1   | Noticed a royal mummy
129875 | Tomb:1   | Killed a royal mummy
129881 | Tomb:1   | Reached skill level 20 in Ice Magic
129885 | Tomb:1   | Noticed a royal mummy
130025 | Tomb:1   | Killed a royal mummy
130055 | Tomb:1   | Noticed a royal mummy
130058 | Tomb:1   | Killed a royal mummy
130110 | Tomb:1   | Noticed a royal mummy
130115 | Tomb:1   | Killed a royal mummy
130306 | Tomb:1   | Noticed a royal mummy
130309 | Tomb:1   | Killed a royal mummy
130352 | Tomb:2   | Noticed a royal mummy
130356 | Tomb:2   | Noticed a royal mummy
130359 | Tomb:2   | Noticed a royal mummy
130359 | Tomb:2   | HP: 90/210 [ushabti/dispel undead (25)]
130360 | Tomb:2   | Killed a royal mummy
130360 | Tomb:2   | Noticed a royal mummy
130363 | Tomb:2   | Killed a royal mummy
130365 | Tomb:2   | Killed a royal mummy
130366 | Tomb:2   | Killed a royal mummy
130367 | Tomb:2   | Noticed a royal mummy
130371 | Tomb:2   | Killed a royal mummy
130439 | Tomb:2   | HP: 101/210 [??? (28)]
130472 | Tomb:2   | Reached skill level 21 in Ice Magic
130843 | Tomb:3   | Entered Level 3 of the Tomb of the Ancients
130852 | Tomb:3   | Noticed a royal mummy
130853 | Tomb:3   | Noticed a royal mummy
130856 | Tomb:3   | Reached skill level 22 in Ice Magic
130857 | Tomb:3   | Killed a royal mummy
130857 | Tomb:3   | Killed a royal mummy
130862 | Tomb:3   | Noticed a royal mummy
130863 | Tomb:3   | Noticed a royal mummy
130868 | Tomb:3   | Killed a royal mummy
130868 | Tomb:3   | Killed a royal mummy
130873 | Tomb:3   | Noticed a royal mummy
130878 | Tomb:3   | Killed a royal mummy
130894 | Tomb:3   | Noticed a royal mummy
130899 | Tomb:3   | Noticed a royal mummy
130900 | Tomb:3   | Noticed a royal mummy
130900 | Tomb:3   | Noticed Khufu
130901 | Tomb:3   | Killed a royal mummy
130903 | Tomb:3   | Killed a royal mummy
130907 | Tomb:3   | Killed Khufu
130911 | Tomb:3   | Killed a royal mummy
130996 | Tomb:3   | Got a golden rune of Zot
131030 | Tomb:3   | Found the +0 pair of fencer's gloves {Riposte Dex+3}
131031 | Tomb:3   | Found the -2 hat of the Alchemist {rElec rPois rF+ rC+ rN+
                  | Will+ rMut rCorr}
131034 | Tomb:3   | Found the +1 robe of Vines {NoPotionHeal Regen++++}
131044 | Tomb:3   | Identified the +6 quarterstaff of Parts Unknown {protect,
                  | rPois MP+9}
131062 | Tomb:2   | Reached skill level 24 in Conjurations
131670 | Zot:5    | Got the Orb of Zot
131871 | Depths:2 | Noticed Oppaeli the pandemonium lord
131876 | Depths:2 | Killed Oppaeli the pandemonium lord
132062 | D:11     | Reached skill level 24 in Fire Magic
132290 | D:$      | Escaped with the Orb!

Illustrated notes

Levels and vault maps discovered:
D:1:      lightli_arrival_maybe_door_vault, layout_basic
D:2:      layout_loops_cross, basic_altar, ebering_ecumenical_altar_webs,
          uniq_jessica
D:3:      layout_rooms, chequers_avenue, minmay_stone_trees_small
D:4:      layout_rooms, mainiacjoe_overflow_24_doors, minmay_goblin_outpost
D:5:      layout_cave_pools, amcnicky_altar_gilded,
          minmay_temple_entry_proselytizer
D:6:      minmay_evil_eye, layout_rooms, grunt_temple_overflow_growth_and_decay,
          gammafunk_temple_overflow_pools
D:7:      layout_loops_ring
D:8:      layout_layer_cave, amethyst_overflow_temple_binary, serial_shops,
          nicolae_shop_crystal
D:9:      layout_roguey, lemuel_round_altar, nicolae_ru_sacrificial_ziggurat,
          dpeg_oklobed_lair, minmay_orc_entry_guard_dogs, serial_shops,
          nicolae_shop_waterfront
D:10:     layout_loops_ring, tgw_sif, enter_bailey_5, uniq_grum
D:11:     layout_basic, serial_shops, shop, uniq_maurice, uniq_lodul
D:12:     layout_cave_pools, nicolae_water_bricks, uniq_fannar, uniq_kirke
D:13:     layout_irregular_city, david_vaults_5, uniq_snorg, uniq_azrael
D:14:     minmay_expanding_circles, layout_rooms, good_gods_temple_1,
          serial_shops, nicolae_shop_statue_plus
D:15:     grunt_enter_depths_snipers, layout_basic, serial_rivers,
          chequers_serial_rivers_micro_c, chequers_serial_rivers_small_3,
          chequers_serial_rivers_small_3, chequers_serial_rivers_micro_b,
          chequers_serial_rivers_micro_b, nicolae_gozag_seed_capital,
          solitary_fountain, uniq_nessos
Temple:   hellmonk_temple_divided_pantheon
Lair:1:   layout_loops_ring, infiniplex_staircase_pool, grunt_megastairs_5,
          uniq_sonja
Lair:2:   layout_regular_city, serial_bayou_shore_b, lemuel_fruit_tree,
          grunt_megastairs_4
Lair:3:   layout_cave_pods, minmay_swamp_entry_worms,
          spider_nest_entry_funnel_web, basic_altar, serial_bayou_shore_a
Lair:4:   layout_cellular_growth, slime_entry_1, st_stairs_6,
          chequers_serial_rivers_room_b
Lair:5:   hangedman_lair_caniforms_friends, layout_small_grid
Swamp:1:  layout_falls_marsh, evilmike_swamp_ruin_rubble_1
Swamp:2:  layout_basic_swamp, nicolae_swamp_well_well_well, swamp_pool4,
          nicolae_swamp_soggy_hallways
Swamp:3:  layout_basic_swamp, hangedman_swamp_pad
Swamp:4:  swamp_pestilence, layout_basic_swamp, gammafunk_ghost_mausoleum,
          swamp_pool2, evilmike_swamp_ruin_house_5
Spider:1: layout_chambers, uniq_asterion, uniq_nikola, uniq_donald
Spider:2: layout_chambers
Spider:3: layout_spider_delve, gammafunk_ghost_necromancy,
          nicolae_spider_acid_house
Spider:4: grunt_spider_rune_island, uniq_roxanne
Slime:1:  layout_caves
Slime:2:  layout_caves, nicolae_slime_round_cave
Slime:3:  nicolae_slime_pool, layout_caves, cheibrodos_slime_lost_civilization_4
Slime:4:  layout_caves
Slime:5
Orc:1:    layout_caves, basic_altar, uniq_josephine
Orc:2:    st_orc_mages, layout_caves, okawaru_metal_pillars_1_2
Elf:1:    layout_loops_corners, hangedman_elf_represent, minmay_fountain_box,
          drop_trap, minivault_16, grunt_megastairs_2
Elf:2:    nicolae_elf_blades_crystal_corner, layout_loops_corners, serial_shops,
          shop, uniq_louise
Elf:3:    minmay_elf_hall, layout_rooms
Vaults:1: hangedman_vaults_river_flow, nicolae_vaults_triangles,
          vaults_room_hallway, hangedman_vaults_maws, grunt_vaults_trifunnel,
          nicolae_vaults_bisected_exclaves, grunt_vaults_funnel,
          ontoclasm_vaults_shuriken, v_alt_pattern_1, layout_vaults_omnicross
Vaults:2: v_alt_pattern_1, vaults_dpeg_hooks, v_pattern_1,
          dpeg_vaults_monster_box, nicolae_vaults_circle_grid_b, v_misc_10,
          st_eye, nicolae_vaults_little_squares_6,
          nicolae_vaults_network_quincunx
          [nicolae_vaults_network_quincunx_subvault,
          nicolae_vaults_network_quincunx_subvault,
          nicolae_vaults_network_quincunx_subvault,
          nicolae_vaults_network_quincunx_subvault,
          nicolae_vaults_network_quincunx_subvault], v_misc_5,
          hangedman_vaults_trim, nicolae_vaults_little_squares_6,
          vaults_dpeg_emergency_exit, vaults_room_fancy_cross,
          ontoclasm_vaults_ring_small, layout_vaults_omnibox
Vaults:3: infiniplex_enter_wizlab_glasses, nicolae_vaults_big_ls,
          v_alt_pattern_3, nicolae_vaults_hallways_thing,
          nicolae_vaults_ring_of_whatevers, hangedman_vaults_restitches,
          hangedman_vaults_slice, blue_anna_dwarven_crypt, v_misc_15,
          nicolae_vaults_alarming, layout_vaults_omnigrid, serial_shops, shop,
          uniq_boris
Vaults:4: st_hourglassy, v_misc_19, ontoclasm_vaults_loading_screen,
          grunt_vaults_diagonal, nicolae_vaults_rhombus_6, v_misc_10,
          vaults_dpeg_cross, nicolae_vaults_ring_of_whatevers,
          grunt_vaults_twisty, layout_vaults_ring, serial_shops, shop
Vaults:5: serial_shops
Crypt:1:  gammafunk_dig_for_victory, layout_regular_city
Crypt:2:  layout_chaotic_city
Crypt:3:  church_of_pain_bobbens, layout_chaotic_city, gammafunk_ghost_spectres
Tomb:1
Tomb:2
Tomb:3
Depths:1: layout_honeycomb, minmay_holes, pf_vacation_house_of_asmodeus,
          hellmonk_guarded_unrand_seven_league_boots
Depths:2: kennysheep_large_spiral, layout_small_grid, columned_hall_lemuel,
          enter_trove_6, hangedman_coc_ice_floe, rand_demon_pan_entry_5
Depths:3: hangedman_cross_stitches, layout_gridlike, enter_ziggurat_c,
          grunt_hell_entry_dis_mu, abyss_entry, solitary_fountain, bloody_trog,
          uniq_grunn
Depths:4: grunt_x_marks_the_spot, layout_cave_pools, serial_shops,
          bzr_entry_dummy, hangedman_abyss_or_decor_passed, hell_entry,
          serial_bayou_shore_b, uniq_sojobo
Hell
Dis:1:    lightli_tower_of_babel
Dis:2:    layout_jigsaw, nicolae_hells_seeping_fissure
Dis:3:    layout_gridville
Dis:4:    layout_subdivisions, lemuel_mystery_crypt
Dis:5:    layout_gridville, nicolae_dis_big_boring_drill
Dis:6:    layout_gridville, hangedman_dis_chains
Dis:7:    dis_hangedman
Geh:1:    layout_gehenna_lava_caves
Geh:2:    nicolae_hells_demon_pit, layout_gehenna_pools_triple
Geh:3:    layout_gehenna_pools_basic
Geh:4:    layout_gehenna_lava_caves
Geh:5:    layout_gehenna_pools_triple, lemuel_flamethrower_3
Geh:6:    layout_gehenna_pools_box, nicolae_geh_fiery_graves
          [nicolae_geh_single_fiery_grave, nicolae_geh_single_fiery_grave,
          nicolae_geh_single_fiery_grave, nicolae_geh_single_fiery_grave,
          nicolae_geh_single_fiery_grave, nicolae_geh_single_fiery_grave,
          nicolae_geh_single_fiery_grave, nicolae_geh_single_fiery_grave,
          nicolae_geh_single_fiery_grave]
Geh:7:    geh_old
Coc:1:    layout_cocytus_water_paths, serial_ice
Coc:2:    layout_ice_bergs
Coc:3:    layout_ice_bergs
Coc:4:    layout_cocytus_delve
Coc:5:    layout_ice_bergs
Coc:6:    layout_ice_bergs
Coc:7:    coc_old
Tar:1:    layout_honeycomb
Tar:2:    layout_honeycomb, nicolae_tar_stay_or_leave
Tar:3:    layout_cathedral_of_symmetry, nicolae_hells_hurtin_island
Tar:4:    nicolae_tar_tart_auras, layout_cathedral_of_symmetry
Tar:5:    layout_grid_maze
Tar:6:    layout_grid_maze, nicolae_tar_combbox
Tar:7:    tar_mu [tar_mu_maze]
Zot:1:    layout_onion_interference
Zot:2:    layout_gridlike, grunt_ministairs_11
Zot:3:    circus_mu, layout_onion_interference, st_stairs_11
Zot:4:    kennysheep_oblong_rooms, layout_concentric_octagons
Zot:5:    layout_gridlike, grunt_ministairs_1

Skill      XL: |  1  2  3  4  5  6  7  8  9 10 11 12 13 14 15 16 17 18 19 20 21 22 23 24 25 26 27 |
---------------+----------------------------------------------------------------------------------+-----
Earth Magic    | 3 4 5 6 7 8 10 11 13 15 22 | 22.0
Conjurations   | 2 4 5 7 10 11 12 14 15 17 20 22 23 24 | 24.2
Spellcasting   | 8 10 11 12 15 16 17 18 19 20 23 | 23.0
Fighting       | 4 6 8 10 16 | 16.1
Fire Magic     | 1 6 9 10 12 16 19 20 21 22 23 24 | 24.0
Invocations    | 5 9 10 15 | 15.0
Necromancy     | 2 8 11 15 18 | 18.3
Transmutations | 2 7 9 10 | 10.0
Shields        | 3 7 11 15 | 15.0
Translocations | 3 10 | 10.0
Long Blades    | 14 | 14.0
Armour         | 15 | 15.0
Ice Magic      | 22 | 22.0
Dodging        | |  1.7
Stealth        | |  1.7

Action                   |  1- 3 |  4- 6 |  7- 9 | 10-12 | 13-15 | 16-18 | 19-21 | 22-24 | 25-27 || total
-------------------------+-------+-------+-------+-------+-------+-------+-------+-------+-------++-------
Melee: Dagger            |    29 |     1 |    12 |     8 |    98 |       |       |       |       ||   148
       Unarmed           |     5 |       |       |       |       |       |       |       |       ||     5
       Tailslap          |       |     1 |     3 |     1 |    28 |    34 |    12 |    17 |   129 ||   225
       Punch             |       |       |       |       |     2 |     2 |     2 |     1 |       ||     7
       Flail             |       |       |       |       |     9 |   130 |    42 |    13 |       ||   194
       Scimitar          |       |       |       |       |       |       |       |    24 |   452 ||   476
Throw: Dart              |       |       |     3 |       |       |       |       |       |       ||     3
 Cast: Sandblast         |    34 |    91 |   161 |   419 |   317 |    16 |       |       |       ||  1038
       Stone Arrow       |       |       |     8 |    95 |   363 |   133 |     2 |       |       ||   601
       Fireball          |       |       |       |     3 |   231 |   192 |   161 |    19 |       ||   606
       Arcjolt           |       |       |       |       |    20 |    76 |     8 |       |       ||   104
       Iron Shot         |       |       |       |       |    16 |   239 |   331 |   144 |       ||   730
       Iskenderun's Myst |       |       |       |       |     3 |     3 |     2 |     2 |       ||    10
       Orb of Destructio |       |       |       |       |       |   120 |    84 |    70 |       ||   274
       Ignition          |       |       |       |       |       |     5 |    72 |    48 |   122 ||   247
       Starburst         |       |       |       |       |       |     1 |    21 |    32 |    30 ||    84
       Fire Storm        |       |       |       |       |       |       |     2 |   162 |   378 ||   542
       Lehudib's Crystal |       |       |       |       |       |       |       |   107 |   913 ||  1020
       Spellforged Servi |       |       |       |       |       |       |       |    32 |   210 ||   242
       Necromutation     |       |       |       |       |       |       |       |       |    67 ||    67
       Shatter           |       |       |       |       |       |       |       |       |    41 ||    41
       Dispersal         |       |       |       |       |       |       |       |       |    10 ||    10
       Passage of Golubr |       |       |       |       |       |       |       |       |     8 ||     8
Invok: Channel Magic     |       |       |       |       |     1 |     4 |     3 |     2 |    13 ||    23
 Abil: Hurl Damnation    |       |       |       |       |       |       |       |       |     3 ||     3
       End Transformatio |       |       |       |       |       |       |       |       |     5 ||     5
Evoke: Wand              |       |     2 |     4 |    13 |     5 |       |    11 |     4 |     9 ||    48
       Phantom mirror    |       |       |       |       |       |       |     1 |       |       ||     1
       Condenser vane    |       |       |       |       |       |       |       |       |     1 ||     1
  Use: Scroll            |       |       |       |     9 |    15 |     7 |     7 |     6 |    17 ||    61
       Potion            |       |       |       |       |     1 |     2 |     1 |     1 |    28 ||    33
 Stab: Paralysed         |       |       |       |     2 |    11 |    28 |     5 |     6 |    17 ||    69
       Sleeping          |       |       |       |     1 |       |       |       |       |     1 ||     2
       Distracted        |       |       |       |       |       |       |       |       |     8 ||     8
       Petrified         |       |       |       |       |       |       |       |       |     3 ||     3
Armor: Robe              |    18 |    21 |    14 |    21 |       |       |       |       |       ||    74
       Animal skin       |       |       |       |    14 |       |       |       |       |       ||    14
       Ring mail         |       |       |       |    68 |   283 |   166 |    44 |   124 |   532 ||  1217
       Leather armour    |       |       |       |       |       |    57 |    14 |       |       ||    71
Dodge: Dodged            |    26 |    29 |    57 |   141 |   265 |   170 |    74 |    65 |   232 ||  1059
Block: Other             |     6 |     7 |    16 |    49 |    66 |    56 |    33 |    18 |       ||   251
       Reflection        |       |       |       |       |       |       |    13 |     1 |       ||    14
       Kite shield       |       |       |       |       |       |       |       |    75 |   860 ||   935

Table legend: (Time is in decaauts)
 A = Elapsed time spent in this place.
 B = Non-inter-level travel time spent in this place.
 C = Inter-level travel time spent in this place.
 D = Time resting spent in this place.
 E = Time spent auto-exploring this place.
 F = Levels seen in this place.
 G = Mean time per level.
                   A        B        C        D        E       F      G
               +--------+--------+--------+--------+--------+-----+--------+
         Total | 135198 | 123403 |  11795 |  19697 |  80004 | 114 | 1185.9 |
       Dungeon |  22675 |  19095 |   3580 |   1663 |  14568 |  15 | 1511.7 |
        Temple |    103 |     81 |     22 |      0 |     31 |   1 |  103.0 |
          Lair |  12603 |  11216 |   1387 |    557 |   8696 |   5 | 2520.6 |
         Swamp |   7535 |   7054 |    481 |    960 |   5081 |   4 | 1883.8 |
   Spider Nest |  13079 |  12255 |    824 |   2758 |   7816 |   4 | 3269.8 |
    Slime Pits |   1472 |   1354 |    118 |    493 |    524 |   5 |  294.4 |
  Orcish Mines |   3220 |   2895 |    325 |    467 |   1738 |   2 | 1610.0 |
   Elven Halls |   6809 |   6627 |    182 |    845 |   4788 |   3 | 2269.7 |
        Vaults |  15661 |  14433 |   1228 |   2051 |  10271 |   5 | 3132.2 |
         Crypt |   4271 |   4071 |    200 |    449 |   3030 |   3 | 1423.7 |
          Tomb |   1247 |   1210 |     37 |    617 |     40 |   3 |  415.7 |
        Depths |   9988 |   8415 |   1573 |    993 |   6283 |   4 | 2497.0 |
          Hell |   2497 |   2333 |    164 |    145 |   1871 |   1 | 2497.0 |
           Dis |   4584 |   4078 |    506 |   1596 |   1101 |   7 |  654.9 |
       Gehenna |   3355 |   3167 |    188 |    450 |   1642 |   7 |  479.3 |
       Cocytus |   2946 |   2914 |     32 |   1463 |    631 |   7 |  420.9 |
      Tartarus |   2613 |   2298 |    315 |    627 |   1247 |   7 |  373.3 |
           Zot |   6216 |   5589 |    627 |    501 |   4064 |   5 | 1243.2 |
         Abyss |   3095 |   3095 |      0 |      0 |   2031 |   5 |  619.0 |
   Pandemonium |   6952 |   6952 |      0 |   1331 |   3172 |  17 |  408.9 |
        Bazaar |    114 |    114 |      0 |      0 |    110 |   1 |  114.0 |
         Trove |     65 |     65 |      0 |      0 |      2 |   1 |   65.0 |
        Bailey |   1138 |   1138 |      0 |    226 |    503 |   1 | 1138.0 |
        Wizlab |   2949 |   2949 |      0 |   1503 |    759 |   1 | 2949.0 |
               +--------+--------+--------+--------+--------+-----+--------+

Top non-repeatable levels by time:
Spider:3: 4891 daAuts
Vaults:4: 3626 daAuts
Vaults:1: 3614 daAuts
  Lair:3: 3534 daAuts
Vaults:2: 3362 daAuts
Vaults:3: 3132 daAuts
Spider:2: 3130 daAuts
Depths:2: 3009 daAuts
Spider:1: 3005 daAuts
  WizLab: 2949 daAuts
  Lair:4: 2889 daAuts
  Lair:5: 2777 daAuts
   Elf:2: 2665 daAuts
Depths:1: 2628 daAuts
   Elf:1: 2601 daAuts
